Workbook

Sheet DADOS
A1: Prefeitura Municipal de Jaraguá do Sul - SC
A2: SAMAE - Serviço Autônomo Municipal de Água e Esgoto
A3: Data do documento: | C3: 07/11/2023
A4: Licitação número:
A5: Lote:
A6: Dados da licitante
A7: Razão social
A8: CNPJ:
A9: Telefone:
A10: E-Mail:
A11: Nome responsável:
A12: CPF responsável:
A13: Cidade licitante:
A14: UF licitante:

Sheet Orçamento
A1: Prefeitura Municipal de Jaraguá do Sul - SC
A2: Orcamento de obra - EXECUÇÃO DE OBRA DE CONSTRUÇÃO EM EDIFÍCIO PARA FINS ESPECIAIS PONTO DE ENTREGA VOLUNTÁRIA - BAIRROS ILHA DA FIGUEIRA E NEREU RAMOS
A3: Data: | B3: =DADOS!C3 -> 07/11/2023
A4: Empresa: | B4: =DADOS!C7 -> 0 | G4: Telefone: | H4: =DADOS!C9
A5: CNPJ: | B5: =DADOS!C8 | D5: Cidade: | E5: =DADOS!C13 -> 0 | H5: UF: | I5: =DADOS!C14 -> 0
A7: Item | B7: Descrição dos itens | C7: U.M. | D7: Qtde. | E7: Custo base R$ | F7: %BDI/K/TRDE Base | G7: Preço base R$ | H7: Custo Un. R$ | I7: %BDI/K/TRDE | J7: Preço Un. R$ | K7: Total R$
A8: 1 | B8: CANTEIRO DE OBRAS | K8: =SUM(K9:K12) -> 0 | L8: Etapa
A9: 1.1 | B9: LOCACAO DE CONTAINER 2,30 X 6,00 M, ALT. 2,50 M, COM 1 SANITARIO, PARA ESCRITORIO, COMPLETO, SEM DIVISORIAS INTERNAS (NAO INCLUI MOBILIZACAO/DESMOBILIZACAO) | C9: MES | D9: 7 | E9: 890 | F9: 22.23 | G9: 1087.85 | I9: =ROUND('BDI principal'!D14,2) -> 22.23 | J9: =ROUND((ROUND(H9,2)*I9/100)+ROUND(H9,2),2) -> 0 | K9: =ROUND(D9*J9,2) -> 0 | L9: Item
A10: 1.2 | B10: EXECUÇÃO DE CENTRAL DE ARMADURA EM CANTEIRO DE OBRA, NÃO INCLUSO MOBILIÁRIO E EQUIPAMENTOS. AF_04/2016 | C10: M2 | D10: 8 | E10: 379.09 | F10: 22.23 | G10: 463.36 | I10: =ROUND('BDI principal'!D14,2) -> 22.23 | J10: =ROUND((ROUND(H10,2)*I10/100)+ROUND(H10,2),2) -> 0 | K10: =ROUND(D10*J10,2) -> 0 | L10: Item
A11: 1.3 | B11: TRANSPORTE COM CAMINHÃO CARROCERIA COM GUINDAUTO (MUNCK), MOMENTO MÁXIMO DE CARGA 11,7 TM, EM VIA URBANA PAVIMENTADA, DMT ATÉ 30KM (UNIDADE: TXKM). AF_07/2020 | C11: TXKM | D11: 100 | E11: 2.89 | F11: 22.23 | G11: 3.53 | I11: =ROUND('BDI principal'!D14,2) -> 22.23 | J11: =ROUND((ROUND(H11,2)*I11/100)+ROUND(H11,2),2) -> 0 | K11: =ROUND(D11*J11,2) -> 0 | L11: Item
A12: 1.4 | B12: FORNECIMENTO E INSTALAÇÃO DE PLACA DE OBRA COM CHAPA GALVANIZADA E ESTRUTURA DE MADEIRA. AF_03/2022_PS | C12: M2 | D12: 4 | E12: 314.76 | F12: 22.23 | G12: 384.73 | I12: =ROUND('BDI principal'!D14,2) -> 22.23 | J12: =ROUND((ROUND(H12,2)*I12/100)+ROUND(H12,2),2) -> 0 | K12: =ROUND(D12*J12,2) -> 0 | L12: Item
A13: 2 | B13: ADMINISTRAÇÃO LOCAL | K13: =SUM(K14:K14) -> 0 | L13: Etapa
A14: 2.1 | B14: ENGENHEIRO CIVIL JUNIOR | C14: H | D14: 112 | E14: 111.48 | F14: 22.23 | G14: 136.26 | I14: =ROUND('BDI principal'!D14,2) -> 22.23 | J14: =ROUND((ROUND(H14,2)*I14/100)+ROUND(H14,2),2) -> 0 | K14: =ROUND(D14*J14,2) -> 0 | L14: Item
A15: 3 | B15: PONTO DE ENTREGA VOLUNTÁRIA - ILHA DA FIGUEIRA | K15: =K16+K26+K33 -> 0 | L15: Etapa
A16: 3.1 | B16: CERCAMENTO | K16: =SUM(K17:K25) -> 0 | L16: Etapa
A17: 3.1.1 | B17: ESTACA BROCA DE CONCRETO, DIÂMETRO DE 20CM, ESCAVAÇÃO MANUAL COM TRADO CONCHA, COM ARMADURA DE ARRANQUE. AF_05/2020 | C17: M | D17: 83.5 | E17: 65.78 | F17: 22.23 | G17: 80.4 | I17: =ROUND('BDI principal'!D14,2) -> 22.23 | J17: =ROUND((ROUND(H17,2)*I17/100)+ROUND(H17,2),2) -> 0 | K17: =ROUND(D17*J17,2) -> 0 | L17: Item
A18: 3.1.2 | B18: ESCAVAÇÃO MANUAL PARA BLOCO DE COROAMENTO OU SAPATA (INCLUINDO ESCAVAÇÃO PARA COLOCAÇÃO DE FÔRMAS). AF_06/2017 | C18: M3 | D18: 20.04 | E18: 106.95 | F18: 22.23 | G18: 130.72 | I18: =ROUND('BDI principal'!D14,2) -> 22.23 | J18: =ROUND((ROUND(H18,2)*I18/100)+ROUND(H18,2),2) -> 0 | K18: =ROUND(D18*J18,2) -> 0 | L18: Item
A19: 3.1.3 | B19: LASTRO COM MATERIAL GRANULAR (PEDRA BRITADA N.1 E PEDRA BRITADA N.2), APLICADO EM PISOS OU LAJES SOBRE SOLO, ESPESSURA DE *10 CM*. AF_07/2019 | C19: M3 | D19: 3.34 | E19: 161.63 | F19: 22.23 | G19: 197.56 | I19: =ROUND('BDI principal'!D14,2) -> 22.23 | J19: =ROUND((ROUND(H19,2)*I19/100)+ROUND(H19,2),2) -> 0 | K19: =ROUND(D19*J19,2) -> 0 | L19: Item
A20: 3.1.4 | B20: FABRICAÇÃO, MONTAGEM E DESMONTAGEM DE FÔRMA PARA VIGA BALDRAME, EM MADEIRA SERRADA, E=25 MM, 4 UTILIZAÇÕES. AF_06/2017 | C20: M2 | D20: 100.2 | E20: 117.12 | F20: 22.23 | G20: 143.16 | I20: =ROUND('BDI principal'!D14,2) -> 22.23 | J20: =ROUND((ROUND(H20,2)*I20/100)+ROUND(H20,2),2) -> 0 | K20: =ROUND(D20*J20,2) -> 0 | L20: Item
A21: 3.1.5 | B21: ARMAÇÃO DE BLOCO, VIGA BALDRAME OU SAPATA UTILIZANDO AÇO CA-50 DE 6,3 MM - MONTAGEM. AF_06/2017 | C21: KG | D21: 140.75 | E21: 17.62 | F21: 22.23 | G21: 21.54 | I21: =ROUND('BDI principal'!D14,2) -> 22.23 | J21: =ROUND((ROUND(H21,2)*I21/100)+ROUND(H21,2),2) -> 0 | K21: =ROUND(D21*J21,2) -> 0 | L21: Item
A22: 3.1.6 | B22: ARMAÇÃO DE BLOCO, VIGA BALDRAME OU SAPATA UTILIZANDO AÇO CA-50 DE 8 MM - MONTAGEM. AF_06/2017 | C22: KG | D22: 265.44 | E22: 16.09 | F22: 22.23 | G22: 19.67 | I22: =ROUND('BDI principal'!D14,2) -> 22.23 | J22: =ROUND((ROUND(H22,2)*I22/100)+ROUND(H22,2),2) -> 0 | K22: =ROUND(D22*J22,2) -> 0 | L22: Item
A23: 3.1.7 | B23: CONCRETAGEM DE BLOCOS DE COROAMENTO E VIGAS BALDRAMES, FCK 30 MPA, COM USO DE BOMBA – LANÇAMENTO, ADENSAMENTO E ACABAMENTO. AF_06/2017 | C23: M3 | D23: 10.02 | E23: 703.92 | F23: 22.23 | G23: 860.4 | I23: =ROUND('BDI principal'!D14,2) -> 22.23 | J23: =ROUND((ROUND(H23,2)*I23/100)+ROUND(H23,2),2) -> 0 | K23: =ROUND(D23*J23,2) -> 0 | L23: Item
A24: 3.1.8 | B24: CERCAMENTO EM MOURÃO DE CONCRETO CURVO, COM TELA DE AÇO GALVANIZADO REVESTIDO EM PVC, COM 3 FIADAS DE ARAME FARPADO SUPERIOR, E CHUMBAMENTO EM VIGA BALDRAME - FORNECIMENTO E INSTALAÇÃO | C24: M | D24: 167 | E24: 170.09 | F24: 22.23 | G24: 207.9 | I24: =ROUND('BDI principal'!D14,2) -> 22.23 | J24: =ROUND((ROUND(H24,2)*I24/100)+ROUND(H24,2),2) -> 0 | K24: =ROUND(D24*J24,2) -> 0 | L24: Item
A25: 3.1.9 | B25: PORTÃO DE CORRER EM GRADIL FIXO DE BARRA DE FERRO CHATA DE 3 X 1/4" NA VERTICAL, COM TRILHOS E ROLDANAS | C25: M2 | D25: 20 | E25: 801.3 | F25: 22.23 | G25: 979.43 | I25: =ROUND('BDI principal'!D14,2) -> 22.23 | J25: =ROUND((ROUND(H25,2)*I25/100)+ROUND(H25,2),2) -> 0 | K25: =ROUND(D25*J25,2) -> 0 | L25: Item
A26: 3.2 | B26: CANCELAS PARA CONTROLE DE ACESSO | K26: =SUM(K27:K32) -> 0 | L26: Etapa
A27: 3.2.1 | B27: INSTALAÇÃOD E CANCELA PARA CONTROLE DE ENTRADA DE VEÍCULOS | C27: UN | D27: 2 | E27: 307.36 | F27: 22.23 | G27: 375.69 | I27: =ROUND('BDI principal'!D14,2) -> 22.23 | J27: =ROUND((ROUND(H27,2)*I27/100)+ROUND(H27,2),2) -> 0 | K27: =ROUND(D27*J27,2) -> 0 | L27: Item
A28: 3.2.2 | B28: CANCELA PARA CONTROLE DE ACESSO COM BARREIRA FIXA DE 5 METROS | C28: UN | D28: 2 | E28: 4750 | F28: 22.23 | G28: 5805.93 | I28: =ROUND('BDI principal'!D14,2) -> 22.23 | J28: =ROUND((ROUND(H28,2)*I28/100)+ROUND(H28,2),2) -> 0 | K28: =ROUND(D28*J28,2) -> 0 | L28: Item
A29: 3.2.3 | B29: FABRICAÇÃO, MONTAGEM E DESMONTAGEM DE FÔRMA PARA BLOCO DE COROAMENTO, EM MADEIRA SERRADA, E=25 MM, 2 UTILIZAÇÕES. AF_06/2017 | C29: M2 | D29: 2.4 | E29: 206.31 | F29: 22.23 | G29: 252.17 | I29: =ROUND('BDI principal'!D14,2) -> 22.23 | J29: =ROUND((ROUND(H29,2)*I29/100)+ROUND(H29,2),2) -> 0 | K29: =ROUND(D29*J29,2) -> 0 | L29: Item
A30: 3.2.4 | B30: CONCRETAGEM DE BLOCOS DE COROAMENTO E VIGAS BALDRAMES, FCK 30 MPA, COM USO DE BOMBA – LANÇAMENTO, ADENSAMENTO E ACABAMENTO. AF_06/2017 | C30: M3 | D30: 0.36 | E30: 703.92 | F30: 22.23 | G30: 860.4 | I30: =ROUND('BDI principal'!D14,2) -> 22.23 | J30: =ROUND((ROUND(H30,2)*I30/100)+ROUND(H30,2),2) -> 0 | K30: =ROUND(D30*J30,2) -> 0 | L30: Item
A31: 3.2.5 | B31: ARMAÇÃO DE BLOCO, VIGA BALDRAME OU SAPATA UTILIZANDO AÇO CA-50 DE 8 MM - MONTAGEM. AF_06/2017 | C31: KG | D31: 3.79 | E31: 16.09 | F31: 22.23 | G31: 19.67 | I31: =ROUND('BDI principal'!D14,2) -> 22.23 | J31: =ROUND((ROUND(H31,2)*I31/100)+ROUND(H31,2),2) -> 0 | K31: =ROUND(D31*J31,2) -> 0 | L31: Item
A32: 3.2.6 | B32: LASTRO COM MATERIAL GRANULAR (PEDRA BRITADA N.2), APLICADO EM PISOS OU LAJES SOBRE SOLO, ESPESSURA DE *10 CM*. AF_08/2017 | C32: M3 | D32: 0.72 | E32: 161.96 | F32: 22.23 | G32: 197.96 | I32: =ROUND('BDI principal'!D14,2) -> 22.23 | J32: =ROUND((ROUND(H32,2)*I32/100)+ROUND(H32,2),2) -> 0 | K32: =ROUND(D32*J32,2) -> 0 | L32: Item
A33: 3.3 | B33: GUARITA PARA CONTROLE DE ACESSO | K33: =K34+K43+K57+K60+K79+K87+K92+K124+K165+K176+K188+K200 -> 0 | L33: Etapa
A34: 3.3.1 | B34: INFRAESTRUTURA | K34: =SUM(K35:K42) -> 0 | L34: Etapa
A35: 3.3.1.1 | B35: ESTACA BROCA DE CONCRETO, DIÂMETRO DE 20CM, ESCAVAÇÃO MANUAL COM TRADO CONCHA, COM ARMADURA DE ARRANQUE. AF_05/2020 | C35: M | D35: 12 | E35: 65.78 | F35: 22.23 | G35: 80.4 | I35: =ROUND('BDI principal'!D14,2) -> 22.23 | J35: =ROUND((ROUND(H35,2)*I35/100)+ROUND(H35,2),2) -> 0 | K35: =ROUND(D35*J35,2) -> 0 | L35: Item
A36: 3.3.1.2 | B36: ESCAVAÇÃO MANUAL PARA BLOCO DE COROAMENTO OU SAPATA (INCLUINDO ESCAVAÇÃO PARA COLOCAÇÃO DE FÔRMAS). AF_06/2017 | C36: M3 | D36: 5.91 | E36: 106.95 | F36: 22.23 | G36: 130.72 | I36: =ROUND('BDI principal'!D14,2) -> 22.23 | J36: =ROUND((ROUND(H36,2)*I36/100)+ROUND(H36,2),2) -> 0 | K36: =ROUND(D36*J36,2) -> 0 | L36: Item
A37: 3.3.1.3 | B37: REATERRO MANUAL DE VALAS, COM COMPACTADOR DE SOLOS DE PERCUSSÃO. AF_08/2023 | C37: M3 | D37: 5.05 | E37: 26.89 | F37: 22.23 | G37: 32.87 | I37: =ROUND('BDI principal'!D14,2) -> 22.23 | J37: =ROUND((ROUND(H37,2)*I37/100)+ROUND(H37,2),2) -> 0 | K37: =ROUND(D37*J37,2) -> 0 | L37: Item
A38: 3.3.1.4 | B38: LASTRO COM MATERIAL GRANULAR (PEDRA BRITADA N.1 E PEDRA BRITADA N.2), APLICADO EM PISOS OU LAJES SOBRE SOLO, ESPESSURA DE *10 CM*. AF_07/2019 | C38: M3 | D38: 0.38 | E38: 161.63 | F38: 22.23 | G38: 197.56 | I38: =ROUND('BDI principal'!D14,2) -> 22.23 | J38: =ROUND((ROUND(H38,2)*I38/100)+ROUND(H38,2),2) -> 0 | K38: =ROUND(D38*J38,2) -> 0 | L38: Item
A39: 3.3.1.5 | B39: FABRICAÇÃO, MONTAGEM E DESMONTAGEM DE FÔRMA PARA SAPATA, EM MADEIRA SERRADA, E=25 MM, 4 UTILIZAÇÕES. AF_06/2017 | C39: M2 | D39: 5.82 | E39: 208.1 | F39: 22.23 | G39: 254.36 | I39: =ROUND('BDI principal'!D14,2) -> 22.23 | J39: =ROUND((ROUND(H39,2)*I39/100)+ROUND(H39,2),2) -> 0 | K39: =ROUND(D39*J39,2) -> 0 | L39: Item
A40: 3.3.1.6 | B40: CONCRETAGEM DE BLOCOS DE COROAMENTO E VIGAS BALDRAME, FCK 30 MPA, COM USO DE JERICA – LANÇAMENTO, ADENSAMENTO E ACABAMENTO. AF_06/2017 | C40: M3 | D40: 1.15 | E40: 763.47 | F40: 22.23 | G40: 933.19 | I40: =ROUND('BDI principal'!D14,2) -> 22.23 | J40: =ROUND((ROUND(H40,2)*I40/100)+ROUND(H40,2),2) -> 0 | K40: =ROUND(D40*J40,2) -> 0 | L40: Item
A41: 3.3.1.7 | B41: ARMAÇÃO DE BLOCO, VIGA BALDRAME OU SAPATA UTILIZANDO AÇO CA-50 DE 10 MM - MONTAGEM. AF_06/2017 | C41: KG | D41: 51.24 | E41: 14.18 | F41: 22.23 | G41: 17.33 | I41: =ROUND('BDI principal'!D14,2) -> 22.23 | J41: =ROUND((ROUND(H41,2)*I41/100)+ROUND(H41,2),2) -> 0 | K41: =ROUND(D41*J41,2) -> 0 | L41: Item
A42: 3.3.1.8 | B42: ARMAÇÃO DE BLOCO, VIGA BALDRAME E SAPATA UTILIZANDO AÇO CA-60 DE 5 MM - MONTAGEM. AF_06/2017 | C42: KG | D42: 3.04 | E42: 19.36 | F42: 22.23 | G42: 23.66 | I42: =ROUND('BDI principal'!D14,2) -> 22.23 | J42: =ROUND((ROUND(H42,2)*I42/100)+ROUND(H42,2),2) -> 0 | K42: =ROUND(D42*J42,2) -> 0 | L42: Item
A43: 3.3.2 | B43: SUPRAESTRUTURA | K43: =SUM(K44:K56) -> 0 | L43: Etapa
A44: 3.3.2.1 | B44: MONTAGEM E DESMONTAGEM DE FÔRMA DE PILARES RETANGULARES E ESTRUTURAS SIMILARES, PÉ-DIREITO SIMPLES, EM CHAPA DE MADEIRA COMPENSADA RESINADA, 8 UTILIZAÇÕES. AF_09/2020 | C44: M2 | D44: 30.36 | E44: 71.39 | F44: 22.23 | G44: 87.26 | I44: =ROUND('BDI principal'!D14,2) -> 22.23 | J44: =ROUND((ROUND(H44,2)*I44/100)+ROUND(H44,2),2) -> 0 | K44: =ROUND(D44*J44,2) -> 0 | L44: Item
A45: 3.3.2.2 | B45: CONCRETAGEM DE PILARES, FCK = 25 MPA, COM USO DE BOMBA - LANÇAMENTO, ADENSAMENTO E ACABAMENTO. AF_02/2022_PS | C45: M3 | D45: 1.68 | E45: 677.51 | F45: 22.23 | G45: 828.12 | I45: =ROUND('BDI principal'!D14,2) -> 22.23 | J45: =ROUND((ROUND(H45,2)*I45/100)+ROUND(H45,2),2) -> 0 | K45: =ROUND(D45*J45,2) -> 0 | L45: Item
A46: 3.3.2.3 | B46: ARMAÇÃO DE PILAR OU VIGA DE ESTRUTURA DE CONCRETO ARMADO EMBUTIDA EM ALVENARIA DE VEDAÇÃO UTILIZANDO AÇO CA-50 DE 10,0 MM - MONTAGEM. AF_06/2022 | C46: KG | D46: 339.1 | E46: 14.11 | F46: 22.23 | G46: 17.25 | I46: =ROUND('BDI principal'!D14,2) -> 22.23 | J46: =ROUND((ROUND(H46,2)*I46/100)+ROUND(H46,2),2) -> 0 | K46: =ROUND(D46*J46,2) -> 0 | L46: Item
A47: 3.3.2.4 | B47: ARMAÇÃO DE PILAR OU VIGA DE ESTRUTURA DE CONCRETO ARMADO EMBUTIDA EM ALVENARIA DE VEDAÇÃO UTILIZANDO AÇO CA-60 DE 5,0 MM - MONTAGEM. AF_06/2022 | C47: KG | D47: 125.7 | E47: 22.5 | F47: 22.23 | G47: 27.5 | I47: =ROUND('BDI principal'!D14,2) -> 22.23 | J47: =ROUND((ROUND(H47,2)*I47/100)+ROUND(H47,2),2) -> 0 | K47: =ROUND(D47*J47,2) -> 0 | L47: Item
A48: 3.3.2.5 | B48: ARMAÇÃO DE PILAR OU VIGA DE ESTRUTURA DE CONCRETO ARMADO EMBUTIDA EM ALVENARIA DE VEDAÇÃO UTILIZANDO AÇO CA-50 DE 8,0 MM - MONTAGEM. AF_06/2022 | C48: KG | D48: 66 | E48: 17.33 | F48: 22.23 | G48: 21.18 | I48: =ROUND('BDI principal'!D14,2) -> 22.23 | J48: =ROUND((ROUND(H48,2)*I48/100)+ROUND(H48,2),2) -> 0 | K48: =ROUND(D48*J48,2) -> 0 | L48: Item
A49: 3.3.2.6 | B49: ARMAÇÃO DE PILAR OU VIGA DE ESTRUTURA DE CONCRETO ARMADO EMBUTIDA EM ALVENARIA DE VEDAÇÃO UTILIZANDO AÇO CA-50 DE 12,5 MM - MONTAGEM. AF_06/2022 | C49: KG | D49: 21.8 | E49: 11.88 | F49: 22.23 | G49: 14.52 | I49: =ROUND('BDI principal'!D14,2) -> 22.23 | J49: =ROUND((ROUND(H49,2)*I49/100)+ROUND(H49,2),2) -> 0 | K49: =ROUND(D49*J49,2) -> 0 | L49: Item
A50: 3.3.2.7 | B50: FABRICAÇÃO, MONTAGEM E DESMONTAGEM DE FÔRMA PARA VIGA BALDRAME, EM CHAPA DE MADEIRA COMPENSADA RESINADA, E=17 MM, 4 UTILIZAÇÕES. AF_06/2017 | C50: M2 | D50: 19.4 | E50: 102.83 | F50: 22.23 | G50: 125.69 | I50: =ROUND('BDI principal'!D14,2) -> 22.23 | J50: =ROUND((ROUND(H50,2)*I50/100)+ROUND(H50,2),2) -> 0 | K50: =ROUND(D50*J50,2) -> 0 | L50: Item
A51: 3.3.2.8 | B51: MONTAGEM E DESMONTAGEM DE FÔRMA DE VIGA, ESCORAMENTO COM GARFO DE MADEIRA, PÉ-DIREITO SIMPLES, EM CHAPA DE MADEIRA PLASTIFICADA, 18 UTILIZAÇÕES. AF_09/2020 | C51: M2 | D51: 29.12 | E51: 79.51 | F51: 22.23 | G51: 97.19 | I51: =ROUND('BDI principal'!D14,2) -> 22.23 | J51: =ROUND((ROUND(H51,2)*I51/100)+ROUND(H51,2),2) -> 0 | K51: =ROUND(D51*J51,2) -> 0 | L51: Item
A52: 3.3.2.9 | B52: CONCRETAGEM DE VIGAS E LAJES, FCK=25 MPA, PARA LAJES PREMOLDADAS COM USO DE BOMBA - LANÇAMENTO, ADENSAMENTO E ACABAMENTO. AF_02/2022_PS | C52: M3 | D52: 7.3 | E52: 701.1 | F52: 22.23 | G52: 856.95 | I52: =ROUND('BDI principal'!D14,2) -> 22.23 | J52: =ROUND((ROUND(H52,2)*I52/100)+ROUND(H52,2),2) -> 0 | K52: =ROUND(D52*J52,2) -> 0 | L52: Item
A53: 3.3.2.10 | B53: ESCORAMENTO DE FÔRMAS DE LAJE EM MADEIRA NÃO APARELHADA, PÉ-DIREITO SIMPLES, INCLUSO TRAVAMENTO, 4 UTILIZAÇÕES. AF_09/2020 | C53: M3 | D53: 36 | E53: 20.89 | F53: 22.23 | G53: 25.53 | I53: =ROUND('BDI principal'!D14,2) -> 22.23 | J53: =ROUND((ROUND(H53,2)*I53/100)+ROUND(H53,2),2) -> 0 | K53: =ROUND(D53*J53,2) -> 0 | L53: Item
A54: 3.3.2.11 | B54: ARMAÇÃO DE ARMADURA POSITIVA DE LAJES, TELA Q-113. AF_06/2019 | C54: KG | D54: 61.2 | E54: 10.56 | F54: 22.23 | G54: 12.91 | I54: =ROUND('BDI principal'!D14,2) -> 22.23 | J54: =ROUND((ROUND(H54,2)*I54/100)+ROUND(H54,2),2) -> 0 | K54: =ROUND(D54*J54,2) -> 0 | L54: Item
A55: 3.3.2.12 | B55: ARMAÇÃO DE LAJE DE ESTRUTURA CONVENCIONAL DE CONCRETO ARMADO UTILIZANDO AÇO CA-50 DE 8,0 MM - MONTAGEM. AF_06/2022 | C55: KG | D55: 50.28 | E55: 13.07 | F55: 22.23 | G55: 15.98 | I55: =ROUND('BDI principal'!D14,2) -> 22.23 | J55: =ROUND((ROUND(H55,2)*I55/100)+ROUND(H55,2),2) -> 0 | K55: =ROUND(D55*J55,2) -> 0 | L55: Item
A56: 3.3.2.13 | B56: ARMAÇÃO DE LAJE DE ESTRUTURA CONVENCIONAL DE CONCRETO ARMADO UTILIZANDO AÇO CA-50 DE 10,0 MM - MONTAGEM. AF_06/2022 | C56: KG | D56: 1.69 | E56: 11.65 | F56: 22.23 | G56: 14.24 | I56: =ROUND('BDI principal'!D14,2) -> 22.23 | J56: =ROUND((ROUND(H56,2)*I56/100)+ROUND(H56,2),2) -> 0 | K56: =ROUND(D56*J56,2) -> 0 | L56: Item
A57: 3.3.3 | B57: IMPERMEABILIZAÇÕES | K57: =SUM(K58:K59) -> 0 | L57: Etapa
A58: 3.3.3.1 | B58: IMPERMEABILIZAÇÃO DE SUPERFÍCIE COM ARGAMASSA POLIMÉRICA / MEMBRANA ACRÍLICA, 3 DEMÃOS. AF_06/2018 | C58: M2 | D58: 49.3 | E58: 33.89 | F58: 22.23 | G58: 41.42 | I58: =ROUND('BDI principal'!D14,2) -> 22.23 | J58: =ROUND((ROUND(H58,2)*I58/100)+ROUND(H58,2),2) -> 0 | K58: =ROUND(D58*J58,2) -> 0 | L58: Item
A59: 3.3.3.2 | B59: IMPERMEABILIZAÇÃO DE SUPERFÍCIE COM MANTA ASFÁLTICA, UMA CAMADA, INCLUSIVE APLICAÇÃO DE PRIMER ASFÁLTICO, E=3MM. AF_06/2018 | C59: M2 | D59: 14.1 | E59: 126.03 | F59: 22.23 | G59: 154.05 | I59: =ROUND('BDI principal'!D14,2) -> 22.23 | J59: =ROUND((ROUND(H59,2)*I59/100)+ROUND(H59,2),2) -> 0 | K59: =ROUND(D59*J59,2) -> 0 | L59: Item
A60: 3.3.4 | B60: ALVENARIA E REVESTIMENTOS | K60: =SUM(K61:K78) -> 0 | L60: Etapa
A61: 3.3.4.1 | B61: ALVENARIA DE VEDAÇÃO DE BLOCOS CERÂMICOS FURADOS NA HORIZONTAL DE 14X9X19 CM (ESPESSURA 14 CM, BLOCO DEITADO) E ARGAMASSA DE ASSENTAMENTO COM PREPARO EM BETONEIRA. AF_12/2021 | C61: M2 | D61: 86.04 | E61: 170.07 | F61: 22.23 | G61: 207.88 | I61: =ROUND('BDI principal'!D14,2) -> 22.23 | J61: =ROUND((ROUND(H61,2)*I61/100)+ROUND(H61,2),2) -> 0 | K61: =ROUND(D61*J61,2) -> 0 | L61: Item
A62: 3.3.4.2 | B62: CHAPISCO APLICADO EM ALVENARIA (COM PRESENÇA DE VÃOS) E ESTRUTURAS DE CONCRETO DE FACHADA, COM COLHER DE PEDREIRO. ARGAMASSA TRAÇO 1:3 COM PREPARO EM BETONEIRA 400L. AF_10/2022 | C62: M2 | D62: 201.75 | E62: 8.83 | F62: 22.23 | G62: 10.79 | I62: =ROUND('BDI principal'!D14,2) -> 22.23 | J62: =ROUND((ROUND(H62,2)*I62/100)+ROUND(H62,2),2) -> 0 | K62: =ROUND(D62*J62,2) -> 0 | L62: Item
A63: 3.3.4.3 | B63: EMBOÇO OU MASSA ÚNICA EM ARGAMASSA TRAÇO 1:2:8, PREPARO MECÂNICO COM BETONEIRA 400 L, APLICADA MANUALMENTE EM PANOS DE FACHADA COM PRESENÇA DE VÃOS, ESPESSURA DE 25 MM. AF_08/2022 | C63: M2 | D63: 201.75 | E63: 57.99 | F63: 22.23 | G63: 70.88 | I63: =ROUND('BDI principal'!D14,2) -> 22.23 | J63: =ROUND((ROUND(H63,2)*I63/100)+ROUND(H63,2),2) -> 0 | K63: =ROUND(D63*J63,2) -> 0 | L63: Item
A64: 3.3.4.4 | B64: EXECUÇÃO DE LAJE SOBRE SOLO, ESPESSURA DE 10 CM, FCK = 30 MPA, COM USO DE FORMAS EM MADEIRA SERRADA. AF_09/2021 | C64: M2 | D64: 24.15 | E64: 154.92 | F64: 22.23 | G64: 189.36 | I64: =ROUND('BDI principal'!D14,2) -> 22.23 | J64: =ROUND((ROUND(H64,2)*I64/100)+ROUND(H64,2),2) -> 0 | K64: =ROUND(D64*J64,2) -> 0 | L64: Item
A65: 3.3.4.5 | B65: LASTRO COM MATERIAL GRANULAR (PEDRA BRITADA N.1 E PEDRA BRITADA N.2), APLICADO EM PISOS OU LAJES SOBRE SOLO, ESPESSURA DE *10 CM*. AF_07/2019 | C65: M3 | D65: 4.95 | E65: 161.63 | F65: 22.23 | G65: 197.56 | I65: =ROUND('BDI principal'!D14,2) -> 22.23 | J65: =ROUND((ROUND(H65,2)*I65/100)+ROUND(H65,2),2) -> 0 | K65: =ROUND(D65*J65,2) -> 0 | L65: Item
A66: 3.3.4.6 | B66: CONTRAPISO EM ARGAMASSA TRAÇO 1:4 (CIMENTO E AREIA), PREPARO MECÂNICO COM BETONEIRA 400 L, APLICADO EM ÁREAS MOLHADAS SOBRE IMPERMEABILIZAÇÃO, ACABAMENTO NÃO REFORÇADO, ESPESSURA 4CM. AF_07/2021 | C66: M2 | D66: 25.3 | E66: 62.03 | F66: 22.23 | G66: 75.82 | I66: =ROUND('BDI principal'!D14,2) -> 22.23 | J66: =ROUND((ROUND(H66,2)*I66/100)+ROUND(H66,2),2) -> 0 | K66: =ROUND(D66*J66,2) -> 0 | L66: Item
A67: 3.3.4.7 | B67: REVESTIMENTO CERÂMICO PARA PISO COM PLACAS TIPO ESMALTADA EXTRA DE DIMENSÕES 80X80 CM APLICADA EM AMBIENTES DE ÁREA ENTRE 5 M² E 10 M². AF_02/2023_PE | C67: M2 | D67: 46.05 | E67: 93.08 | F67: 22.23 | G67: 113.77 | I67: =ROUND('BDI principal'!D14,2) -> 22.23 | J67: =ROUND((ROUND(H67,2)*I67/100)+ROUND(H67,2),2) -> 0 | K67: =ROUND(D67*J67,2) -> 0 | L67: Item
A68: 3.3.4.8 | B68: REVESTIMENTO CERÂMICO PARA PAREDES INTERNAS COM PLACAS TIPO ESMALTADA EXTRA DE DIMENSÕES 60X60 CM APLICADAS NA ALTURA INTEIRA DAS PAREDES. AF_02/2023_PE | C68: M2 | D68: 43.98 | E68: 84.26 | F68: 22.23 | G68: 102.99 | I68: =ROUND('BDI principal'!D14,2) -> 22.23 | J68: =ROUND((ROUND(H68,2)*I68/100)+ROUND(H68,2),2) -> 0 | K68: =ROUND(D68*J68,2) -> 0 | L68: Item
A69: 3.3.4.9 | B69: RODAPÉ CERÂMICO DE 7CM DE ALTURA COM PLACAS TIPO ESMALTADA EXTRA DE DIMENSÕES 80X80CM. AF_02/2023 | C69: M | D69: 46 | E69: 18.01 | F69: 22.23 | G69: 22.01 | I69: =ROUND('BDI principal'!D14,2) -> 22.23 | J69: =ROUND((ROUND(H69,2)*I69/100)+ROUND(H69,2),2) -> 0 | K69: =ROUND(D69*J69,2) -> 0 | L69: Item
A70: 3.3.4.10 | B70: FUNDO SELADOR ACRÍLICO, APLICAÇÃO MANUAL EM PAREDE, UMA DEMÃO. AF_04/2023 | C70: M2 | D70: 198.53 | E70: 3.93 | F70: 22.23 | G70: 4.8 | I70: =ROUND('BDI principal'!D14,2) -> 22.23 | J70: =ROUND((ROUND(H70,2)*I70/100)+ROUND(H70,2),2) -> 0 | K70: =ROUND(D70*J70,2) -> 0 | L70: Item
A71: 3.3.4.11 | B71: FUNDO SELADOR ACRÍLICO, APLICAÇÃO MANUAL EM TETO, UMA DEMÃO. AF_04/2023 | C71: M2 | D71: 32 | E71: 4.99 | F71: 22.23 | G71: 6.1 | I71: =ROUND('BDI principal'!D14,2) -> 22.23 | J71: =ROUND((ROUND(H71,2)*I71/100)+ROUND(H71,2),2) -> 0 | K71: =ROUND(D71*J71,2) -> 0 | L71: Item
A72: 3.3.4.12 | B72: PINTURA LÁTEX ACRÍLICA PREMIUM, APLICAÇÃO MANUAL EM PAREDES, DUAS DEMÃOS. AF_04/2023 | C72: M2 | D72: 198.53 | E72: 12.66 | F72: 22.23 | G72: 15.47 | I72: =ROUND('BDI principal'!D14,2) -> 22.23 | J72: =ROUND((ROUND(H72,2)*I72/100)+ROUND(H72,2),2) -> 0 | K72: =ROUND(D72*J72,2) -> 0 | L72: Item
A73: 3.3.4.13 | B73: PINTURA LÁTEX ACRÍLICA PREMIUM, APLICAÇÃO MANUAL EM TETO, DUAS DEMÃOS. AF_04/2023 | C73: M2 | D73: 32 | E73: 15.23 | F73: 22.23 | G73: 18.62 | I73: =ROUND('BDI principal'!D14,2) -> 22.23 | J73: =ROUND((ROUND(H73,2)*I73/100)+ROUND(H73,2),2) -> 0 | K73: =ROUND(D73*J73,2) -> 0 | L73: Item
A74: 3.3.4.14 | B74: VERGA MOLDADA IN LOCO EM CONCRETO PARA JANELAS COM MAIS DE 1,5 M DE VÃO. AF_03/2016 | C74: M | D74: 5 | E74: 168.29 | F74: 22.23 | G74: 205.7 | I74: =ROUND('BDI principal'!D14,2) -> 22.23 | J74: =ROUND((ROUND(H74,2)*I74/100)+ROUND(H74,2),2) -> 0 | K74: =ROUND(D74*J74,2) -> 0 | L74: Item
A75: 3.3.4.15 | B75: VERGA MOLDADA IN LOCO EM CONCRETO PARA JANELAS COM ATÉ 1,5 M DE VÃO. AF_03/2016 | C75: M | D75: 4.9 | E75: 147.68 | F75: 22.23 | G75: 180.51 | I75: =ROUND('BDI principal'!D14,2) -> 22.23 | J75: =ROUND((ROUND(H75,2)*I75/100)+ROUND(H75,2),2) -> 0 | K75: =ROUND(D75*J75,2) -> 0 | L75: Item
A76: 3.3.4.16 | B76: CONTRAVERGA MOLDADA IN LOCO EM CONCRETO PARA VÃOS DE MAIS DE 1,5 M DE COMPRIMENTO. AF_03/2016 | C76: M | D76: 4.9 | E76: 163.23 | F76: 22.23 | G76: 199.52 | I76: =ROUND('BDI principal'!D14,2) -> 22.23 | J76: =ROUND((ROUND(H76,2)*I76/100)+ROUND(H76,2),2) -> 0 | K76: =ROUND(D76*J76,2) -> 0 | L76: Item
A77: 3.3.4.17 | B77: CONTRAVERGA MOLDADA IN LOCO EM CONCRETO PARA VÃOS DE ATÉ 1,5 M DE COMPRIMENTO. AF_03/2016 | C77: M | D77: 4.9 | E77: 144.73 | F77: 22.23 | G77: 176.9 | I77: =ROUND('BDI principal'!D14,2) -> 22.23 | J77: =ROUND((ROUND(H77,2)*I77/100)+ROUND(H77,2),2) -> 0 | K77: =ROUND(D77*J77,2) -> 0 | L77: Item
A78: 3.3.4.18 | B78: VERGA MOLDADA IN LOCO EM CONCRETO PARA PORTAS COM ATÉ 1,5 M DE VÃO. AF_03/2016 | C78: M | D78: 5.9 | E78: 134.21 | F78: 22.23 | G78: 164.04 | I78: =ROUND('BDI principal'!D14,2) -> 22.23 | J78: =ROUND((ROUND(H78,2)*I78/100)+ROUND(H78,2),2) -> 0 | K78: =ROUND(D78*J78,2) -> 0 | L78: Item
A79: 3.3.5 | B79: COBERTURA | K79: =SUM(K80:K86) -> 0 | L79: Etapa
A80: 3.3.5.1 | B80: TRAMA DE MADEIRA COMPOSTA POR TERÇAS PARA TELHADOS DE ATÉ 2 ÁGUAS PARA TELHA ONDULADA DE FIBROCIMENTO, METÁLICA, PLÁSTICA OU TERMOACÚSTICA, INCLUSO TRANSPORTE VERTICAL. AF_07/2019 | C80: M2 | D80: 22.3 | E80: 45.69 | F80: 22.23 | G80: 55.85 | I80: =ROUND('BDI principal'!D14,2) -> 22.23 | J80: =ROUND((ROUND(H80,2)*I80/100)+ROUND(H80,2),2) -> 0 | K80: =ROUND(D80*J80,2) -> 0 | L80: Item
A81: 3.3.5.2 | B81: TELHAMENTO COM TELHA DE AÇO/ALUMÍNIO E = 0,5 MM, COM ATÉ 2 ÁGUAS, INCLUSO IÇAMENTO. AF_07/2019 | C81: M2 | D81: 22.3 | E81: 73.3 | F81: 22.23 | G81: 89.59 | I81: =ROUND('BDI principal'!D14,2) -> 22.23 | J81: =ROUND((ROUND(H81,2)*I81/100)+ROUND(H81,2),2) -> 0 | K81: =ROUND(D81*J81,2) -> 0 | L81: Item
A82: 3.3.5.3 | B82: CALHA EM CHAPA DE AÇO GALVANIZADO NÚMERO 24, DESENVOLVIMENTO DE 100 CM, INCLUSO TRANSPORTE VERTICAL. AF_07/2019 | C82: M | D82: 4.6 | E82: 178.53 | F82: 22.23 | G82: 218.22 | I82: =ROUND('BDI principal'!D14,2) -> 22.23 | J82: =ROUND((ROUND(H82,2)*I82/100)+ROUND(H82,2),2) -> 0 | K82: =ROUND(D82*J82,2) -> 0 | L82: Item
A83: 3.3.5.4 | B83: RUFO EXTERNO/INTERNO DE CHAPA DE AÇO GALVANIZADA NUM 26 CORTE 50 CM | C83: M | D83: 19 | E83: 68.13 | F83: 22.23 | G83: 83.28 | I83: =ROUND('BDI principal'!D14,2) -> 22.23 | J83: =ROUND((ROUND(H83,2)*I83/100)+ROUND(H83,2),2) -> 0 | K83: =ROUND(D83*J83,2) -> 0 | L83: Item
A84: 3.3.5.5 | B84: CHAPIM (RUFO CAPA) EM AÇO GALVANIZADO, CORTE 33. AF_11/2020 | C84: M | D84: 20.2 | E84: 46.51 | F84: 22.23 | G84: 56.85 | I84: =ROUND('BDI principal'!D14,2) -> 22.23 | J84: =ROUND((ROUND(H84,2)*I84/100)+ROUND(H84,2),2) -> 0 | K84: =ROUND(D84*J84,2) -> 0 | L84: Item
A85: 3.3.5.6 | B85: JOELHO 90 GRAUS, PVC, SERIE R, ÁGUA PLUVIAL, DN 100 MM, JUNTA ELÁSTICA, FORNECIDO E INSTALADO EM RAMAL DE ENCAMINHAMENTO. AF_06/2022 | C85: UN | D85: 3 | E85: 38.18 | F85: 22.23 | G85: 46.67 | I85: =ROUND('BDI principal'!D14,2) -> 22.23 | J85: =ROUND((ROUND(H85,2)*I85/100)+ROUND(H85,2),2) -> 0 | K85: =ROUND(D85*J85,2) -> 0 | L85: Item
A86: 3.3.5.7 | B86: TUBO PVC, SÉRIE R, ÁGUA PLUVIAL, DN 100 MM, FORNECIDO E INSTALADO EM RAMAL DE ENCAMINHAMENTO. AF_06/2022 | C86: M | D86: 8 | E86: 52.1 | F86: 22.23 | G86: 63.68 | I86: =ROUND('BDI principal'!D14,2) -> 22.23 | J86: =ROUND((ROUND(H86,2)*I86/100)+ROUND(H86,2),2) -> 0 | K86: =ROUND(D86*J86,2) -> 0 | L86: Item
A87: 3.3.6 | B87: ESQUADRIAS | K87: =SUM(K88:K91) -> 0 | L87: Etapa
A88: 3.3.6.1 | B88: PORTA DE ALUMÍNIO DE ABRIR COM LAMBRI, COM GUARNIÇÃO, FIXAÇÃO COM PARAFUSOS - FORNECIMENTO E INSTALAÇÃO. AF_12/2019 | C88: M2 | D88: 7.71 | E88: 1199.04 | F88: 22.23 | G88: 1465.59 | I88: =ROUND('BDI principal'!D14,2) -> 22.23 | J88: =ROUND((ROUND(H88,2)*I88/100)+ROUND(H88,2),2) -> 0 | K88: =ROUND(D88*J88,2) -> 0 | L88: Item
A89: 3.3.6.2 | B89: JANELA DE ALUMÍNIO DE CORRER COM 4 FOLHAS PARA VIDROS, COM VIDROS, BATENTE, ACABAMENTO COM ACETATO OU BRILHANTE E FERRAGENS. EXCLUSIVE ALIZAR E CONTRAMARCO. FORNECIMENTO E INSTALAÇÃO. AF_12/2019 | C89: M2 | D89: 4.84 | E89: 498.61 | F89: 22.23 | G89: 609.45 | I89: =ROUND('BDI principal'!D14,2) -> 22.23 | J89: =ROUND((ROUND(H89,2)*I89/100)+ROUND(H89,2),2) -> 0 | K89: =ROUND(D89*J89,2) -> 0 | L89: Item
A90: 3.3.6.3 | B90: JANELA DE ALUMÍNIO TIPO MAXIM-AR, COM VIDROS, BATENTE E FERRAGENS. EXCLUSIVE ALIZAR, ACABAMENTO E CONTRAMARCO. FORNECIMENTO E INSTALAÇÃO. AF_12/2019 | C90: M2 | D90: 3.13 | E90: 829.24 | F90: 22.23 | G90: 1013.58 | I90: =ROUND('BDI principal'!D14,2) -> 22.23 | J90: =ROUND((ROUND(H90,2)*I90/100)+ROUND(H90,2),2) -> 0 | K90: =ROUND(D90*J90,2) -> 0 | L90: Item
A91: 3.3.6.4 | B91: PEITORIL LINEAR EM GRANITO OU MÁRMORE, L = 15CM, COMPRIMENTO DE ATÉ 2M, ASSENTADO COM ARGAMASSA 1:6 COM ADITIVO. AF_11/2020 | C91: M | D91: 7.5 | E91: 171.3 | F91: 22.23 | G91: 209.38 | I91: =ROUND('BDI principal'!D14,2) -> 22.23 | J91: =ROUND((ROUND(H91,2)*I91/100)+ROUND(H91,2),2) -> 0 | K91: =ROUND(D91*J91,2) -> 0 | L91: Item
A92: 3.3.7 | B92: HIDROSSANITÁRIO | K92: =SUM(K93:K123) -> 0 | L92: Etapa
A93: 3.3.7.1 | B93: CAIXA D´ÁGUA EM POLIETILENO, 500 LITROS (INCLUSOS TUBOS, CONEXÕES E TORNEIRA DE BÓIA) - FORNECIMENTO E INSTALAÇÃO. AF_06/2021 | C93: UN | D93: 1 | E93: 617.18 | F93: 22.23 | G93: 754.38 | I93: =ROUND('BDI principal'!D14,2) -> 22.23 | J93: =ROUND((ROUND(H93,2)*I93/100)+ROUND(H93,2),2) -> 0 | K93: =ROUND(D93*J93,2) -> 0 | L93: Item
A94: 3.3.7.2 | B94: TUBO, PVC, SOLDÁVEL, DN 25MM, INSTALADO EM RAMAL DE DISTRIBUIÇÃO DE ÁGUA - FORNECIMENTO E INSTALAÇÃO. AF_06/2022 | C94: M | D94: 12 | E94: 13.49 | F94: 22.23 | G94: 16.49 | I94: =ROUND('BDI principal'!D14,2) -> 22.23 | J94: =ROUND((ROUND(H94,2)*I94/100)+ROUND(H94,2),2) -> 0 | K94: =ROUND(D94*J94,2) -> 0 | L94: Item
A95: 3.3.7.3 | B95: TUBO, PVC, SOLDÁVEL, DN 20MM, INSTALADO EM RAMAL DE DISTRIBUIÇÃO DE ÁGUA - FORNECIMENTO E INSTALAÇÃO. AF_06/2022 | C95: M | D95: 23 | E95: 11.72 | F95: 22.23 | G95: 14.33 | I95: =ROUND('BDI principal'!D14,2) -> 22.23 | J95: =ROUND((ROUND(H95,2)*I95/100)+ROUND(H95,2),2) -> 0 | K95: =ROUND(D95*J95,2) -> 0 | L95: Item
A96: 3.3.7.4 | B96: REGISTRO DE GAVETA BRUTO, LATÃO, ROSCÁVEL, 3/4", COM ACABAMENTO E CANOPLA CROMADOS - FORNECIMENTO E INSTALAÇÃO. AF_08/2021 | C96: UN | D96: 3 | E96: 88.5 | F96: 22.23 | G96: 108.17 | I96: =ROUND('BDI principal'!D14,2) -> 22.23 | J96: =ROUND((ROUND(H96,2)*I96/100)+ROUND(H96,2),2) -> 0 | K96: =ROUND(D96*J96,2) -> 0 | L96: Item
A97: 3.3.7.5 | B97: JOELHO 90 GRAUS, PVC, SOLDÁVEL, DN 25MM, INSTALADO EM PRUMADA DE ÁGUA - FORNECIMENTO E INSTALAÇÃO. AF_06/2022 | C97: UN | D97: 6 | E97: 5.86 | F97: 22.23 | G97: 7.16 | I97: =ROUND('BDI principal'!D14,2) -> 22.23 | J97: =ROUND((ROUND(H97,2)*I97/100)+ROUND(H97,2),2) -> 0 | K97: =ROUND(D97*J97,2) -> 0 | L97: Item
A98: 3.3.7.6 | B98: JOELHO 90 GRAUS COM BUCHA DE LATÃO, PVC, SOLDÁVEL, DN 25MM, X 1/2 INSTALADO EM RAMAL OU SUB-RAMAL DE ÁGUA - FORNECIMENTO E INSTALAÇÃO. AF_06/2022 | C98: UN | D98: 3 | E98: 13.92 | F98: 22.23 | G98: 17.01 | I98: =ROUND('BDI principal'!D14,2) -> 22.23 | J98: =ROUND((ROUND(H98,2)*I98/100)+ROUND(H98,2),2) -> 0 | K98: =ROUND(D98*J98,2) -> 0 | L98: Item
A99: 3.3.7.7 | B99: TÊ, PVC, SOLDÁVEL, DN 25 MM INSTALADO EM RESERVAÇÃO DE ÁGUA DE EDIFICAÇÃO QUE POSSUA RESERVATÓRIO DE FIBRA/FIBROCIMENTO FORNECIMENTO E INSTALAÇÃO. AF_06/2016 | C99: UN | D99: 2 | E99: 12.71 | F99: 22.23 | G99: 15.54 | I99: =ROUND('BDI principal'!D14,2) -> 22.23 | J99: =ROUND((ROUND(H99,2)*I99/100)+ROUND(H99,2),2) -> 0 | K99: =ROUND(D99*J99,2) -> 0 | L99: Item
A100: 3.3.7.8 | B100: JOELHO 90 GRAUS, PVC, SOLDÁVEL, DN 20MM, INSTALADO EM RAMAL DE DISTRIBUIÇÃO DE ÁGUA - FORNECIMENTO E INSTALAÇÃO. AF_06/2022 | C100: UN | D100: 3 | E100: 8.05 | F100: 22.23 | G100: 9.84 | I100: =ROUND('BDI principal'!D14,2) -> 22.23 | J100: =ROUND((ROUND(H100,2)*I100/100)+ROUND(H100,2),2) -> 0 | K100: =ROUND(D100*J100,2) -> 0 | L100: Item
A101: 3.3.7.9 | B101: TE PVC, SOLDAVEL, COM BUCHA DE LATAO NA BOLSA CENTRAL, 90 GRAUS, 20 MM X 1/2", PARA AGUA FRIA PREDIAL | C101: UN | D101: 1 | E101: 9.42 | F101: 22.23 | G101: 11.51 | I101: =ROUND('BDI principal'!D14,2) -> 22.23 | J101: =ROUND((ROUND(H101,2)*I101/100)+ROUND(H101,2),2) -> 0 | K101: =ROUND(D101*J101,2) -> 0 | L101: Item
...

Sheet Cronograma
A1: Prefeitura Municipal de Jaraguá do Sul - SC
A2: Orcamento de obra - EXECUÇÃO DE OBRA DE CONSTRUÇÃO EM EDIFÍCIO PARA FINS ESPECIAIS PONTO DE ENTREGA VOLUNTÁRIA - BAIRROS ILHA DA FIGUEIRA E NEREU RAMOS
A3: Data: | B3: =DADOS!C3 -> 07/11/2023
A4: Empresa: | B4: =DADOS!C7 -> 0 | G4: Telefone: | H4: =DADOS!C9
A5: CNPJ: | B5: =DADOS!C8 | D5: Cidade: | E5: =DADOS!C13 -> 0 | H5: UF: | I5: =DADOS!C14 -> 0
A7: Item | B7: Etapa | C7: Total R$ | D7: % Mês 1 | E7: R$ Mês 1 | F7: % Mês 2 | G7: R$ Mês 2 | H7: % Mês 3 | I7: R$ Mês 3 | J7: % Mês 4 | K7: R$ Mês 4 | L7: % Mês 5 | M7: R$ Mês 5 | N7: % Mês 6 | O7: R$ Mês 6 | P7: % Mês 7 | Q7: R$ Mês 7 | R7: % Total | S7: R$ Total
A8: 1 | B8: CANTEIRO DE OBRAS | C8: =Orçamento!K8 -> 0 | D8: 48.600132 | E8: =C8*D8/100 -> 0 | F8: 8.2327121 | G8: =C8*F8/100 -> 0 | H8: 8.2327121 | I8: =C8*H8/100 -> 0 | J8: 9.568442 | K8: =C8*J8/100 -> 0 | L8: 8.2327121 | M8: =C8*L8/100 -> 0 | N8: 8.2327121 | O8: =C8*N8/100 -> 0 | P8: 8.9005771 | Q8: =C8*P8/100 -> 0 | R8: =D8+F8+H8+J8+L8+N8+P8 -> 100 | S8: =E8+G8+I8+K8+M8+O8+Q8 -> 0
A9: 2 | B9: ADMINISTRAÇÃO LOCAL | C9: =Orçamento!K13 -> 0 | D9: 14.285714 | E9: =C9*D9/100 -> 0 | F9: 14.285714 | G9: =C9*F9/100 -> 0 | H9: 14.285714 | I9: =C9*H9/100 -> 0 | J9: 14.285714 | K9: =C9*J9/100 -> 0 | L9: 14.285714 | M9: =C9*L9/100 -> 0 | N9: 14.285714 | O9: =C9*N9/100 -> 0 | P9: 14.285714 | Q9: =C9*P9/100 -> 0 | R9: =D9+F9+H9+J9+L9+N9+P9 -> 100 | S9: =E9+G9+I9+K9+M9+O9+Q9 -> 0
A10: 3 | B10: PONTO DE ENTREGA VOLUNTÁRIA - ILHA DA FIGUEIRA | C10: =Orçamento!K15 -> 0
A11: 3.1 | B11: CERCAMENTO | C11: =Orçamento!K16 -> 0 | D11: 50 | E11: =C11*D11/100 -> 0 | F11: 50 | G11: =C11*F11/100 -> 0 | H11: 0 | I11: =C11*H11/100 -> 0 | J11: 0 | K11: =C11*J11/100 -> 0 | L11: 0 | M11: =C11*L11/100 -> 0 | N11: 0 | O11: =C11*N11/100 -> 0 | P11: 0 | Q11: =C11*P11/100 -> 0 | R11: =D11+F11+H11+J11+L11+N11+P11 -> 100 | S11: =E11+G11+I11+K11+M11+O11+Q11 -> 0
A12: 3.2 | B12: CANCELAS PARA CONTROLE DE ACESSO | C12: =Orçamento!K26 -> 0 | D12: 8.3883464 | E12: =C12*D12/100 -> 0 | F12: 0 | G12: =C12*F12/100 -> 0 | H12: 91.611654 | I12: =C12*H12/100 -> 0 | J12: 0 | K12: =C12*J12/100 -> 0 | L12: 0 | M12: =C12*L12/100 -> 0 | N12: 0 | O12: =C12*N12/100 -> 0 | P12: 0 | Q12: =C12*P12/100 -> 0 | R12: =D12+F12+H12+J12+L12+N12+P12 -> 100 | S12: =E12+G12+I12+K12+M12+O12+Q12 -> 0
A13: 3.3 | B13: GUARITA PARA CONTROLE DE ACESSO | C13: =Orçamento!K33 -> 0
A14: 3.3.1 | B14: INFRAESTRUTURA | C14: =Orçamento!K34 -> 0 | D14: 100 | E14: =C14*D14/100 -> 0 | F14: 0 | G14: =C14*F14/100 -> 0 | H14: 0 | I14: =C14*H14/100 -> 0 | J14: 0 | K14: =C14*J14/100 -> 0 | L14: 0 | M14: =C14*L14/100 -> 0 | N14: 0 | O14: =C14*N14/100 -> 0 | P14: 0 | Q14: =C14*P14/100 -> 0 | R14: =D14+F14+H14+J14+L14+N14+P14 -> 100 | S14: =E14+G14+I14+K14+M14+O14+Q14 -> 0
A15: 3.3.2 | B15: SUPRAESTRUTURA | C15: =Orçamento!K43 -> 0 | D15: 50.000017 | E15: =C15*D15/100 -> 0 | F15: 49.999983 | G15: =C15*F15/100 -> 0 | H15: 0 | I15: =C15*H15/100 -> 0 | J15: 0 | K15: =C15*J15/100 -> 0 | L15: 0 | M15: =C15*L15/100 -> 0 | N15: 0 | O15: =C15*N15/100 -> 0 | P15: 0 | Q15: =C15*P15/100 -> 0 | R15: =D15+F15+H15+J15+L15+N15+P15 -> 100 | S15: =E15+G15+I15+K15+M15+O15+Q15 -> 0
A16: 3.3.3 | B16: IMPERMEABILIZAÇÕES | C16: =Orçamento!K57 -> 0 | D16: 48.45638 | E16: =C16*D16/100 -> 0 | F16: 0 | G16: =C16*F16/100 -> 0 | H16: 51.54362 | I16: =C16*H16/100 -> 0 | J16: 0 | K16: =C16*J16/100 -> 0 | L16: 0 | M16: =C16*L16/100 -> 0 | N16: 0 | O16: =C16*N16/100 -> 0 | P16: 0 | Q16: =C16*P16/100 -> 0 | R16: =D16+F16+H16+J16+L16+N16+P16 -> 100 | S16: =E16+G16+I16+K16+M16+O16+Q16 -> 0
A17: 3.3.4 | B17: ALVENARIA E REVESTIMENTOS | C17: =Orçamento!K60 -> 0 | D17: 0 | E17: =C17*D17/100 -> 0 | F17: 48.396943 | G17: =C17*F17/100 -> 0 | H17: 43.855752 | I17: =C17*H17/100 -> 0 | J17: 7.7473053 | K17: =C17*J17/100 -> 0 | L17: 0 | M17: =C17*L17/100 -> 0 | N17: 0 | O17: =C17*N17/100 -> 0 | P17: 0 | Q17: =C17*P17/100 -> 0 | R17: =D17+F17+H17+J17+L17+N17+P17 -> 100 | S17: =E17+G17+I17+K17+M17+O17+Q17 -> 0
A18: 3.3.5 | B18: COBERTURA | C18: =Orçamento!K79 -> 0 | D18: 0 | E18: =C18*D18/100 -> 0 | F18: 42.522685 | G18: =C18*F18/100 -> 0 | H18: 57.477315 | I18: =C18*H18/100 -> 0 | J18: 0 | K18: =C18*J18/100 -> 0 | L18: 0 | M18: =C18*L18/100 -> 0 | N18: 0 | O18: =C18*N18/100 -> 0 | P18: 0 | Q18: =C18*P18/100 -> 0 | R18: =D18+F18+H18+J18+L18+N18+P18 -> 100 | S18: =E18+G18+I18+K18+M18+O18+Q18 -> 0
A19: 3.3.6 | B19: ESQUADRIAS | C19: =Orçamento!K87 -> 0 | D19: 0 | E19: =C19*D19/100 -> 0 | F19: 0 | G19: =C19*F19/100 -> 0 | H19: 100 | I19: =C19*H19/100 -> 0 | J19: 0 | K19: =C19*J19/100 -> 0 | L19: 0 | M19: =C19*L19/100 -> 0 | N19: 0 | O19: =C19*N19/100 -> 0 | P19: 0 | Q19: =C19*P19/100 -> 0 | R19: =D19+F19+H19+J19+L19+N19+P19 -> 100 | S19: =E19+G19+I19+K19+M19+O19+Q19 -> 0
A20: 3.3.7 | B20: HIDROSSANITÁRIO | C20: =Orçamento!K92 -> 0 | D20: 1.4150412 | E20: =C20*D20/100 -> 0 | F20: 36.761672 | G20: =C20*F20/100 -> 0 | H20: 61.823287 | I20: =C20*H20/100 -> 0 | J20: 0 | K20: =C20*J20/100 -> 0 | L20: 0 | M20: =C20*L20/100 -> 0 | N20: 0 | O20: =C20*N20/100 -> 0 | P20: 0 | Q20: =C20*P20/100 -> 0 | R20: =D20+F20+H20+J20+L20+N20+P20 -> 100 | S20: =E20+G20+I20+K20+M20+O20+Q20 -> 0
A21: 3.3.8 | B21: ELÉTRICA E DADOS | C21: =Orçamento!K124 -> 0 | D21: 17.800113 | E21: =C21*D21/100 -> 0 | F21: 21.762097 | G21: =C21*F21/100 -> 0 | H21: 60.437789 | I21: =C21*H21/100 -> 0 | J21: 0 | K21: =C21*J21/100 -> 0 | L21: 0 | M21: =C21*L21/100 -> 0 | N21: 0 | O21: =C21*N21/100 -> 0 | P21: 0 | Q21: =C21*P21/100 -> 0 | R21: =D21+F21+H21+J21+L21+N21+P21 -> 100 | S21: =E21+G21+I21+K21+M21+O21+Q21 -> 0
A22: 3.3.9 | B22: CLIMATIZAÇÃO | C22: =Orçamento!K165 -> 0 | D22: 0 | E22: =C22*D22/100 -> 0 | F22: 7.7638091 | G22: =C22*F22/100 -> 0 | H22: 92.236191 | I22: =C22*H22/100 -> 0 | J22: 0 | K22: =C22*J22/100 -> 0 | L22: 0 | M22: =C22*L22/100 -> 0 | N22: 0 | O22: =C22*N22/100 -> 0 | P22: 0 | Q22: =C22*P22/100 -> 0 | R22: =D22+F22+H22+J22+L22+N22+P22 -> 100 | S22: =E22+G22+I22+K22+M22+O22+Q22 -> 0
A23: 3.3.10 | B23: LOUÇAS E METAIS | C23: =Orçamento!K176 -> 0 | D23: 0 | E23: =C23*D23/100 -> 0 | F23: 0 | G23: =C23*F23/100 -> 0 | H23: 0 | I23: =C23*H23/100 -> 0 | J23: 100 | K23: =C23*J23/100 -> 0 | L23: 0 | M23: =C23*L23/100 -> 0 | N23: 0 | O23: =C23*N23/100 -> 0 | P23: 0 | Q23: =C23*P23/100 -> 0 | R23: =D23+F23+H23+J23+L23+N23+P23 -> 100 | S23: =E23+G23+I23+K23+M23+O23+Q23 -> 0
A24: 3.3.11 | B24: LIXEIRA E ENTRADAS DE ÁGUA E ENERGIA EM ALVENARIA | C24: =Orçamento!K188 -> 0 | D24: 66.771304 | E24: =C24*D24/100 -> 0 | F24: 0 | G24: =C24*F24/100 -> 0 | H24: 0 | I24: =C24*H24/100 -> 0 | J24: 33.228696 | K24: =C24*J24/100 -> 0 | L24: 0 | M24: =C24*L24/100 -> 0 | N24: 0 | O24: =C24*N24/100 -> 0 | P24: 0 | Q24: =C24*P24/100 -> 0 | R24: =D24+F24+H24+J24+L24+N24+P24 -> 100 | S24: =E24+G24+I24+K24+M24+O24+Q24 -> 0
A25: 3.3.12 | B25: PROJETO PREVENTIVO CONTRA INCÊNDIOS | C25: =Orçamento!K200 -> 0 | D25: 0 | E25: =C25*D25/100 -> 0 | F25: 0 | G25: =C25*F25/100 -> 0 | H25: 0 | I25: =C25*H25/100 -> 0 | J25: 100 | K25: =C25*J25/100 -> 0 | L25: 0 | M25: =C25*L25/100 -> 0 | N25: 0 | O25: =C25*N25/100 -> 0 | P25: 0 | Q25: =C25*P25/100 -> 0 | R25: =D25+F25+H25+J25+L25+N25+P25 -> 100 | S25: =E25+G25+I25+K25+M25+O25+Q25 -> 0
A26: 4 | B26: PONTO DE ENTREGA VOLUNTÁRIA - NEREU RAMOS | C26: =Orçamento!K204 -> 0
A27: 4.1 | B27: CERCAMENTO | C27: =Orçamento!K205 -> 0 | D27: 0 | E27: =C27*D27/100 -> 0 | F27: 0 | G27: =C27*F27/100 -> 0 | H27: 0 | I27: =C27*H27/100 -> 0 | J27: 39.999999 | K27: =C27*J27/100 -> 0 | L27: 39.999999 | M27: =C27*L27/100 -> 0 | N27: 20.000003 | O27: =C27*N27/100 -> 0 | P27: 0 | Q27: =C27*P27/100 -> 0 | R27: =D27+F27+H27+J27+L27+N27+P27 -> 100 | S27: =E27+G27+I27+K27+M27+O27+Q27 -> 0
A28: 4.2 | B28: CANCELA PARA CONTROLE DE ACESSO | C28: =Orçamento!K220 -> 0 | D28: 0 | E28: =C28*D28/100 -> 0 | F28: 0 | G28: =C28*F28/100 -> 0 | H28: 0 | I28: =C28*H28/100 -> 0 | J28: 8.3883464 | K28: =C28*J28/100 -> 0 | L28: 0 | M28: =C28*L28/100 -> 0 | N28: 91.611654 | O28: =C28*N28/100 -> 0 | P28: 0 | Q28: =C28*P28/100 -> 0 | R28: =D28+F28+H28+J28+L28+N28+P28 -> 100 | S28: =E28+G28+I28+K28+M28+O28+Q28 -> 0
A29: 4.3 | B29: GUARITA PARA CONTROLE DE ACESSO | C29: =Orçamento!K227 -> 0
A30: 4.3.1 | B30: INFRAESTRUTURA | C30: =Orçamento!K228 -> 0 | D30: 0 | E30: =C30*D30/100 -> 0 | F30: 0 | G30: =C30*F30/100 -> 0 | H30: 0 | I30: =C30*H30/100 -> 0 | J30: 100 | K30: =C30*J30/100 -> 0 | L30: 0 | M30: =C30*L30/100 -> 0 | N30: 0 | O30: =C30*N30/100 -> 0 | P30: 0 | Q30: =C30*P30/100 -> 0 | R30: =D30+F30+H30+J30+L30+N30+P30 -> 100 | S30: =E30+G30+I30+K30+M30+O30+Q30 -> 0
A31: 4.3.2 | B31: SUPRAESTRUTURA | C31: =Orçamento!K237 -> 0 | D31: 0 | E31: =C31*D31/100 -> 0 | F31: 0 | G31: =C31*F31/100 -> 0 | H31: 0 | I31: =C31*H31/100 -> 0 | J31: 50.000017 | K31: =C31*J31/100 -> 0 | L31: 49.999983 | M31: =C31*L31/100 -> 0 | N31: 0 | O31: =C31*N31/100 -> 0 | P31: 0 | Q31: =C31*P31/100 -> 0 | R31: =D31+F31+H31+J31+L31+N31+P31 -> 100 | S31: =E31+G31+I31+K31+M31+O31+Q31 -> 0
A32: 4.3.3 | B32: IMPERMEABILIZAÇÕES | C32: =Orçamento!K251 -> 0 | D32: 0 | E32: =C32*D32/100 -> 0 | F32: 0 | G32: =C32*F32/100 -> 0 | H32: 0 | I32: =C32*H32/100 -> 0 | J32: 48.45638 | K32: =C32*J32/100 -> 0 | L32: 0 | M32: =C32*L32/100 -> 0 | N32: 51.54362 | O32: =C32*N32/100 -> 0 | P32: 0 | Q32: =C32*P32/100 -> 0 | R32: =D32+F32+H32+J32+L32+N32+P32 -> 100 | S32: =E32+G32+I32+K32+M32+O32+Q32 -> 0
A33: 4.3.4 | B33: ALVENARIA E REVESTIMENTOS | C33: =Orçamento!K254 -> 0 | D33: 0 | E33: =C33*D33/100 -> 0 | F33: 0 | G33: =C33*F33/100 -> 0 | H33: 0 | I33: =C33*H33/100 -> 0 | J33: 0 | K33: =C33*J33/100 -> 0 | L33: 48.396943 | M33: =C33*L33/100 -> 0 | N33: 43.855752 | O33: =C33*N33/100 -> 0 | P33: 7.7473053 | Q33: =C33*P33/100 -> 0 | R33: =D33+F33+H33+J33+L33+N33+P33 -> 100 | S33: =E33+G33+I33+K33+M33+O33+Q33 -> 0
A34: 4.3.5 | B34: COBERTURA | C34: =Orçamento!K273 -> 0 | D34: 0 | E34: =C34*D34/100 -> 0 | F34: 0 | G34: =C34*F34/100 -> 0 | H34: 0 | I34: =C34*H34/100 -> 0 | J34: 0 | K34: =C34*J34/100 -> 0 | L34: 42.522685 | M34: =C34*L34/100 -> 0 | N34: 57.477315 | O34: =C34*N34/100 -> 0 | P34: 0 | Q34: =C34*P34/100 -> 0 | R34: =D34+F34+H34+J34+L34+N34+P34 -> 100 | S34: =E34+G34+I34+K34+M34+O34+Q34 -> 0
A35: 4.3.6 | B35: ESQUADRIAS | C35: =Orçamento!K281 -> 0 | D35: 0 | E35: =C35*D35/100 -> 0 | F35: 0 | G35: =C35*F35/100 -> 0 | H35: 0 | I35: =C35*H35/100 -> 0 | J35: 0 | K35: =C35*J35/100 -> 0 | L35: 0 | M35: =C35*L35/100 -> 0 | N35: 100 | O35: =C35*N35/100 -> 0 | P35: 0 | Q35: =C35*P35/100 -> 0 | R35: =D35+F35+H35+J35+L35+N35+P35 -> 100 | S35: =E35+G35+I35+K35+M35+O35+Q35 -> 0
A36: 4.3.7 | B36: HIDROSSANITÁRIO | C36: =Orçamento!K286 -> 0 | D36: 0 | E36: =C36*D36/100 -> 0 | F36: 0 | G36: =C36*F36/100 -> 0 | H36: 0 | I36: =C36*H36/100 -> 0 | J36: 3.5694684 | K36: =C36*J36/100 -> 0 | L36: 96.430532 | M36: =C36*L36/100 -> 0 | N36: 0 | O36: =C36*N36/100 -> 0 | P36: 0 | Q36: =C36*P36/100 -> 0 | R36: =D36+F36+H36+J36+L36+N36+P36 -> 100 | S36: =E36+G36+I36+K36+M36+O36+Q36 -> 0
A37: 4.3.8 | B37: ELÉTRICA E DADOS | C37: =Orçamento!K316 -> 0 | D37: 0 | E37: =C37*D37/100 -> 0 | F37: 0 | G37: =C37*F37/100 -> 0 | H37: 0 | I37: =C37*H37/100 -> 0 | J37: 17.687571 | K37: =C37*J37/100 -> 0 | L37: 19.864775 | M37: =C37*L37/100 -> 0 | N37: 62.447654 | O37: =C37*N37/100 -> 0 | P37: 0 | Q37: =C37*P37/100 -> 0 | R37: =D37+F37+H37+J37+L37+N37+P37 -> 100 | S37: =E37+G37+I37+K37+M37+O37+Q37 -> 0
A38: 4.3.9 | B38: CLIMATIZAÇÃO | C38: =Orçamento!K357 -> 0 | D38: 0 | E38: =C38*D38/100 -> 0 | F38: 0 | G38: =C38*F38/100 -> 0 | H38: 0 | I38: =C38*H38/100 -> 0 | J38: 0 | K38: =C38*J38/100 -> 0 | L38: 7.7638091 | M38: =C38*L38/100 -> 0 | N38: 92.236191 | O38: =C38*N38/100 -> 0 | P38: 0 | Q38: =C38*P38/100 -> 0 | R38: =D38+F38+H38+J38+L38+N38+P38 -> 100 | S38: =E38+G38+I38+K38+M38+O38+Q38 -> 0
A39: 4.3.10 | B39: LOUÇAS E METAIS | C39: =Orçamento!K368 -> 0 | D39: 0 | E39: =C39*D39/100 -> 0 | F39: 0 | G39: =C39*F39/100 -> 0 | H39: 0 | I39: =C39*H39/100 -> 0 | J39: 0 | K39: =C39*J39/100 -> 0 | L39: 0 | M39: =C39*L39/100 -> 0 | N39: 0 | O39: =C39*N39/100 -> 0 | P39: 100 | Q39: =C39*P39/100 -> 0 | R39: =D39+F39+H39+J39+L39+N39+P39 -> 100 | S39: =E39+G39+I39+K39+M39+O39+Q39 -> 0
A40: 4.3.11 | B40: LIXEIRA E ENTRADAS DE ÁGUA E ENERGIA EM ALVENARIA | C40: =Orçamento!K380 -> 0 | D40: 0 | E40: =C40*D40/100 -> 0 | F40: 0 | G40: =C40*F40/100 -> 0 | H40: 0 | I40: =C40*H40/100 -> 0 | J40: 66.771304 | K40: =C40*J40/100 -> 0 | L40: 0 | M40: =C40*L40/100 -> 0 | N40: 0 | O40: =C40*N40/100 -> 0 | P40: 33.228696 | Q40: =C40*P40/100 -> 0 | R40: =D40+F40+H40+J40+L40+N40+P40 -> 100 | S40: =E40+G40+I40+K40+M40+O40+Q40 -> 0
A41: 4.3.12 | B41: PROJETO PREVENTIVO CONTRA INCÊNDIO | C41: =Orçamento!K392 -> 0 | D41: 0 | E41: =C41*D41/100 -> 0 | F41: 0 | G41: =C41*F41/100 -> 0 | H41: 0 | I41: =C41*H41/100 -> 0 | J41: 0 | K41: =C41*J41/100 -> 0 | L41: 0 | M41: =C41*L41/100 -> 0 | N41: 0 | O41: =C41*N41/100 -> 0 | P41: 100 | Q41: =C41*P41/100 -> 0 | R41: =D41+F41+H41+J41+L41+N41+P41 -> 100 | S41: =E41+G41+I41+K41+M41+O41+Q41 -> 0
A42: Totais cronograma | C42: =SUM(C8:C41) -> 0 | D42: =SUM(E8:E41) -> 0 | F42: =SUM(G8:G41) -> 0 | H42: =SUM(I8:I41) -> 0 | J42: =SUM(K8:K41) -> 0 | L42: =SUM(M8:M41) -> 0 | N42: =SUM(O8:O41) -> 0 | P42: =SUM(Q8:Q41) -> 0 | R42: =(S42/C42)*100 -> #DIV/0! | S42: =SUM(S8:S41) -> 0

Sheet BDI principal
A1: Prefeitura Municipal de Jaraguá do Sul - SC
A2: Orcamento de obra - EXECUÇÃO DE OBRA DE CONSTRUÇÃO EM EDIFÍCIO PARA FINS ESPECIAIS PONTO DE ENTREGA VOLUNTÁRIA - BAIRROS ILHA DA FIGUEIRA E NEREU RAMOS
A3: Data: | B3: =DADOS!C3 -> 07/11/2023
A4: Empresa: | B4: =DADOS!C7 -> 0 | G4: Telefone: | H4: =DADOS!C9
A5: CNPJ: | B5: =DADOS!C8 | D5: Cidade: | E5: =DADOS!C13 -> 0 | H5: UF: | I5: =DADOS!C14 -> 0
A7: Item | B7: 1º quartil | C7: 3º quartil | D7: Proposto | E7: Identificação
A8: AC | B8: 3 | C8: 5.5 | D8: 4 | E8: Administração Central | J8: =D8/100 -> 0.04
A9: S+G | B9: 0.8 | C9: 1 | D9: 0.8 | E9: Seguro e Garantia | J9: =D9/100 -> 0.008
A10: R | B10: 0.97 | C10: 1.27 | D10: 1.27 | E10: Risco | J10: =D10/100 -> 0.0127
A11: DF | B11: 0.59 | C11: 1.39 | D11: 1.23 | E11: Despesas Financeiras | J11: =D11/100 -> 0.0123
A12: L | B12: 6.16 | C12: 8.96 | D12: 7.4 | E12: Lucro | J12: =D12/100 -> 0.074
A13: I* | B13: 5.65 | C13: 10.65 | D13: =I15+I18+I19 -> 5.65 | E13: Tributos * | J13: =D13/100 -> 0.0565
C14: Total | D14: =ROUND(((((1+J8+J9+J10)*(1+J11)*(1+J12)/(1-J15-J18))-1)*100),2) -> 22.23
F15: PIS e COFINS | I15: 3.65 | J15: =I15/100 -> 0.0365
F16: Alíquota ISS | I16: 2 | J16: =I16/100 -> 0.02
F17: Base de cálculo | I17: 100
F18: ISS Aplicável | I18: =((I17*I16)/100) -> 2 | J18: =I18/100 -> 0.02
F19: Cont. Prev. s/Rec.Bruta | I19: 0
E29: =DADOS!C11 -> 0
E30: =DADOS!C12 -> 0

Sheet BDI equipamentos
A1: Prefeitura Municipal de Jaraguá do Sul - SC
A2: Orcamento de obra - EXECUÇÃO DE OBRA DE CONSTRUÇÃO EM EDIFÍCIO PARA FINS ESPECIAIS PONTO DE ENTREGA VOLUNTÁRIA - BAIRROS ILHA DA FIGUEIRA E NEREU RAMOS
A3: Data: | B3: =DADOS!C3 -> 07/11/2023
A4: Empresa: | B4: =DADOS!C7 -> 0 | G4: Telefone: | H4: =DADOS!C9
A5: CNPJ: | B5: =DADOS!C8 | D5: Cidade: | E5: =DADOS!C13 -> 0 | H5: UF: | I5: =DADOS!C14 -> 0
A7: Item | B7: 1º quartil | C7: 3º quartil | D7: Proposto | E7: Identificação
A8: AC | B8: 1.5 | C8: 4.49 | D8: 3.45 | E8: Administração Central | J8: =D8/100 -> 0.0345
A9: S+G | B9: 0.3 | C9: 0.82 | D9: 0.48 | E9: Seguro e Garantia | J9: =D9/100 -> 0.0048
A10: R | B10: 0.56 | C10: 0.89 | D10: 0.85 | E10: Risco | J10: =D10/100 -> 0.0085
A11: DF | B11: 0.85 | C11: 1.11 | D11: 0.85 | E11: Despesas Financeiras | J11: =D11/100 -> 0.0085
A12: L | B12: 3.5 | C12: 6.22 | D12: 5.11 | E12: Lucro | J12: =D12/100 -> 0.0511
A13: I* | B13: 5.65 | C13: 10.65 | D13: =I15+I16 -> 3.65 | E13: Tributos * | J13: =D13/100 -> 0.0365
C14: Total | D14: =ROUND(((((1+J8+J9+J10)*(1+J11)*(1+J12)/(1-J13))-1)*100),2) -> 15.28
F15: PIS e COFINS | I15: 3.65 | J15: =I15/100 -> 0.0365
F16: Cont. Prev. s/Rec.Bruta | I16: 0
E26: =DADOS!C11 -> 0
E27: =DADOS!C12 -> 0

Sheet BDI Diferenciado
A1: Prefeitura Municipal de Jaraguá do Sul - SC
A2: Orcamento de obra - EXECUÇÃO DE OBRA DE CONSTRUÇÃO EM EDIFÍCIO PARA FINS ESPECIAIS PONTO DE ENTREGA VOLUNTÁRIA - BAIRROS ILHA DA FIGUEIRA E NEREU RAMOS
A3: Data: | B3: =DADOS!C3 -> 07/11/2023
A4: Empresa: | B4: =DADOS!C7 -> 0 | G4: Telefone: | H4: =DADOS!C9
A5: CNPJ: | B5: =DADOS!C8 | D5: Cidade: | E5: =DADOS!C13 -> 0 | H5: UF: | I5: =DADOS!C14 -> 0
A8: K1= | B8: 1.1428 | C8: Encargos sociais incidentes sobre a mão de obra
A9: k2= | B9: 0.2 | C9: Administração central (overhead)
A10: k3= | B10: 0.12 | C10: Margem bruta
A11: k4= | B11: 0 | C11: Impostos (PIS + COFINS + ISS)
A12: K | B12: =(((1+B8+B9)*(1+B10))/(1-B11)) -> 2.623936 | C12: {[(1+k1+k2)(1+k3)]/(1-k4)}
A13: TRDE | B13: =((1+B10)/(1-B11)) -> 1.12 | C13: [(1+k3)/(1-k4)]
E23: =DADOS!C11 -> 0
E24: =DADOS!C12 -> 0

Sheet Material e Serviços
A1: Prefeitura Municipal de Jaraguá do Sul - SC
A2: Orcamento de obra - EXECUÇÃO DE OBRA DE CONSTRUÇÃO EM EDIFÍCIO PARA FINS ESPECIAIS PONTO DE ENTREGA VOLUNTÁRIA - BAIRROS ILHA DA FIGUEIRA E NEREU RAMOS
A3: Data: | B3: =DADOS!C3 -> 07/11/2023
A4: Empresa: | B4: =DADOS!C7 -> 0 | G4: Telefone: | H4: =DADOS!C9
A5: CNPJ: | B5: =DADOS!C8 | D5: Cidade: | E5: =DADOS!C13 -> 0 | H5: UF: | I5: =DADOS!C14 -> 0
A7: Item | B7: Descrição dos itens | C7: U.M. | D7: Qtde. | E7: Preço Un. R$ | F7: Material R$ | G7: Serviço R$ | H7: Mat/Ser R$ | I7: Total R$
A8: 1 | B8: CANTEIRO DE OBRAS | F8: =SUM(F9:F12) -> 0 | G8: =SUM(G9:G12) -> 0 | I8: =SUM(I9:I12) -> 0 | J8: Etapa
A9: 1.1 | B9: LOCACAO DE CONTAINER 2,30 X 6,00 M, ALT. 2,50 M, COM 1 SANITARIO, PARA ESCRITORIO, COMPLETO, SEM DIVISORIAS INTERNAS (NAO INCLUI MOBILIZACAO/DESMOBILIZACAO) | C9: MES | D9: 7 | E9: =Orçamento!J9 -> 0 | G9: =E9-F9 -> 0 | H9: =F9+G9 -> 0 | I9: =Orçamento!K9 -> 0
A10: 1.2 | B10: EXECUÇÃO DE CENTRAL DE ARMADURA EM CANTEIRO DE OBRA, NÃO INCLUSO MOBILIÁRIO E EQUIPAMENTOS. AF_04/2016 | C10: M2 | D10: 8 | E10: =Orçamento!J10 -> 0 | G10: =E10-F10 -> 0 | H10: =F10+G10 -> 0 | I10: =Orçamento!K10 -> 0
A11: 1.3 | B11: TRANSPORTE COM CAMINHÃO CARROCERIA COM GUINDAUTO (MUNCK), MOMENTO MÁXIMO DE CARGA 11,7 TM, EM VIA URBANA PAVIMENTADA, DMT ATÉ 30KM (UNIDADE: TXKM). AF_07/2020 | C11: TXKM | D11: 100 | E11: =Orçamento!J11 -> 0 | G11: =E11-F11 -> 0 | H11: =F11+G11 -> 0 | I11: =Orçamento!K11 -> 0
A12: 1.4 | B12: FORNECIMENTO E INSTALAÇÃO DE PLACA DE OBRA COM CHAPA GALVANIZADA E ESTRUTURA DE MADEIRA. AF_03/2022_PS | C12: M2 | D12: 4 | E12: =Orçamento!J12 -> 0 | G12: =E12-F12 -> 0 | H12: =F12+G12 -> 0 | I12: =Orçamento!K12 -> 0
A13: 2 | B13: ADMINISTRAÇÃO LOCAL | F13: =SUM(F14:F14) -> 0 | G13: =SUM(G14:G14) -> 0 | I13: =SUM(I14:I14) -> 0 | J13: Etapa
A14: 2.1 | B14: ENGENHEIRO CIVIL JUNIOR | C14: H | D14: 112 | E14: =Orçamento!J14 -> 0 | G14: =E14-F14 -> 0 | H14: =F14+G14 -> 0 | I14: =Orçamento!K14 -> 0
A15: 3 | B15: PONTO DE ENTREGA VOLUNTÁRIA - ILHA DA FIGUEIRA | F15: =F16+F26+F33 -> 0 | G15: =G16+G26+G33 -> 0 | J15: Etapa
A16: 3.1 | B16: CERCAMENTO | F16: =SUM(F17:F25) -> 0 | G16: =SUM(G17:G25) -> 0 | I16: =SUM(I17:I25) -> 0 | J16: Etapa
A17: 3.1.1 | B17: ESTACA BROCA DE CONCRETO, DIÂMETRO DE 20CM, ESCAVAÇÃO MANUAL COM TRADO CONCHA, COM ARMADURA DE ARRANQUE. AF_05/2020 | C17: M | D17: 83.5 | E17: =Orçamento!J17 -> 0 | G17: =E17-F17 -> 0 | H17: =F17+G17 -> 0 | I17: =Orçamento!K17 -> 0
A18: 3.1.2 | B18: ESCAVAÇÃO MANUAL PARA BLOCO DE COROAMENTO OU SAPATA (INCLUINDO ESCAVAÇÃO PARA COLOCAÇÃO DE FÔRMAS). AF_06/2017 | C18: M3 | D18: 20.04 | E18: =Orçamento!J18 -> 0 | G18: =E18-F18 -> 0 | H18: =F18+G18 -> 0 | I18: =Orçamento!K18 -> 0
A19: 3.1.3 | B19: LASTRO COM MATERIAL GRANULAR (PEDRA BRITADA N.1 E PEDRA BRITADA N.2), APLICADO EM PISOS OU LAJES SOBRE SOLO, ESPESSURA DE *10 CM*. AF_07/2019 | C19: M3 | D19: 3.34 | E19: =Orçamento!J19 -> 0 | G19: =E19-F19 -> 0 | H19: =F19+G19 -> 0 | I19: =Orçamento!K19 -> 0
A20: 3.1.4 | B20: FABRICAÇÃO, MONTAGEM E DESMONTAGEM DE FÔRMA PARA VIGA BALDRAME, EM MADEIRA SERRADA, E=25 MM, 4 UTILIZAÇÕES. AF_06/2017 | C20: M2 | D20: 100.2 | E20: =Orçamento!J20 -> 0 | G20: =E20-F20 -> 0 | H20: =F20+G20 -> 0 | I20: =Orçamento!K20 -> 0
A21: 3.1.5 | B21: ARMAÇÃO DE BLOCO, VIGA BALDRAME OU SAPATA UTILIZANDO AÇO CA-50 DE 6,3 MM - MONTAGEM. AF_06/2017 | C21: KG | D21: 140.75 | E21: =Orçamento!J21 -> 0 | G21: =E21-F21 -> 0 | H21: =F21+G21 -> 0 | I21: =Orçamento!K21 -> 0
A22: 3.1.6 | B22: ARMAÇÃO DE BLOCO, VIGA BALDRAME OU SAPATA UTILIZANDO AÇO CA-50 DE 8 MM - MONTAGEM. AF_06/2017 | C22: KG | D22: 265.44 | E22: =Orçamento!J22 -> 0 | G22: =E22-F22 -> 0 | H22: =F22+G22 -> 0 | I22: =Orçamento!K22 -> 0
A23: 3.1.7 | B23: CONCRETAGEM DE BLOCOS DE COROAMENTO E VIGAS BALDRAMES, FCK 30 MPA, COM USO DE BOMBA – LANÇAMENTO, ADENSAMENTO E ACABAMENTO. AF_06/2017 | C23: M3 | D23: 10.02 | E23: =Orçamento!J23 -> 0 | G23: =E23-F23 -> 0 | H23: =F23+G23 -> 0 | I23: =Orçamento!K23 -> 0
A24: 3.1.8 | B24: CERCAMENTO EM MOURÃO DE CONCRETO CURVO, COM TELA DE AÇO GALVANIZADO REVESTIDO EM PVC, COM 3 FIADAS DE ARAME FARPADO SUPERIOR, E CHUMBAMENTO EM VIGA BALDRAME - FORNECIMENTO E INSTALAÇÃO | C24: M | D24: 167 | E24: =Orçamento!J24 -> 0 | G24: =E24-F24 -> 0 | H24: =F24+G24 -> 0 | I24: =Orçamento!K24 -> 0
A25: 3.1.9 | B25: PORTÃO DE CORRER EM GRADIL FIXO DE BARRA DE FERRO CHATA DE 3 X 1/4" NA VERTICAL, COM TRILHOS E ROLDANAS | C25: M2 | D25: 20 | E25: =Orçamento!J25 -> 0 | G25: =E25-F25 -> 0 | H25: =F25+G25 -> 0 | I25: =Orçamento!K25 -> 0
A26: 3.2 | B26: CANCELAS PARA CONTROLE DE ACESSO | F26: =SUM(F27:F32) -> 0 | G26: =SUM(G27:G32) -> 0 | I26: =SUM(I27:I32) -> 0 | J26: Etapa
A27: 3.2.1 | B27: INSTALAÇÃOD E CANCELA PARA CONTROLE DE ENTRADA DE VEÍCULOS | C27: UN | D27: 2 | E27: =Orçamento!J27 -> 0 | G27: =E27-F27 -> 0 | H27: =F27+G27 -> 0 | I27: =Orçamento!K27 -> 0
A28: 3.2.2 | B28: CANCELA PARA CONTROLE DE ACESSO COM BARREIRA FIXA DE 5 METROS | C28: UN | D28: 2 | E28: =Orçamento!J28 -> 0 | G28: =E28-F28 -> 0 | H28: =F28+G28 -> 0 | I28: =Orçamento!K28 -> 0
A29: 3.2.3 | B29: FABRICAÇÃO, MONTAGEM E DESMONTAGEM DE FÔRMA PARA BLOCO DE COROAMENTO, EM MADEIRA SERRADA, E=25 MM, 2 UTILIZAÇÕES. AF_06/2017 | C29: M2 | D29: 2.4 | E29: =Orçamento!J29 -> 0 | G29: =E29-F29 -> 0 | H29: =F29+G29 -> 0 | I29: =Orçamento!K29 -> 0
A30: 3.2.4 | B30: CONCRETAGEM DE BLOCOS DE COROAMENTO E VIGAS BALDRAMES, FCK 30 MPA, COM USO DE BOMBA – LANÇAMENTO, ADENSAMENTO E ACABAMENTO. AF_06/2017 | C30: M3 | D30: 0.36 | E30: =Orçamento!J30 -> 0 | G30: =E30-F30 -> 0 | H30: =F30+G30 -> 0 | I30: =Orçamento!K30 -> 0
A31: 3.2.5 | B31: ARMAÇÃO DE BLOCO, VIGA BALDRAME OU SAPATA UTILIZANDO AÇO CA-50 DE 8 MM - MONTAGEM. AF_06/2017 | C31: KG | D31: 3.79 | E31: =Orçamento!J31 -> 0 | G31: =E31-F31 -> 0 | H31: =F31+G31 -> 0 | I31: =Orçamento!K31 -> 0
A32: 3.2.6 | B32: LASTRO COM MATERIAL GRANULAR (PEDRA BRITADA N.2), APLICADO EM PISOS OU LAJES SOBRE SOLO, ESPESSURA DE *10 CM*. AF_08/2017 | C32: M3 | D32: 0.72 | E32: =Orçamento!J32 -> 0 | G32: =E32-F32 -> 0 | H32: =F32+G32 -> 0 | I32: =Orçamento!K32 -> 0
A33: 3.3 | B33: GUARITA PARA CONTROLE DE ACESSO | F33: =F34+F43+F57+F60+F79+F87+F92+F124+F165+F176+F188+F200 -> 0 | G33: =G34+G43+G57+G60+G79+G87+G92+G124+G165+G176+G188+G200 -> 0 | J33: Etapa
A34: 3.3.1 | B34: INFRAESTRUTURA | F34: =SUM(F35:F42) -> 0 | G34: =SUM(G35:G42) -> 0 | I34: =SUM(I35:I42) -> 0 | J34: Etapa
A35: 3.3.1.1 | B35: ESTACA BROCA DE CONCRETO, DIÂMETRO DE 20CM, ESCAVAÇÃO MANUAL COM TRADO CONCHA, COM ARMADURA DE ARRANQUE. AF_05/2020 | C35: M | D35: 12 | E35: =Orçamento!J35 -> 0 | G35: =E35-F35 -> 0 | H35: =F35+G35 -> 0 | I35: =Orçamento!K35 -> 0
A36: 3.3.1.2 | B36: ESCAVAÇÃO MANUAL PARA BLOCO DE COROAMENTO OU SAPATA (INCLUINDO ESCAVAÇÃO PARA COLOCAÇÃO DE FÔRMAS). AF_06/2017 | C36: M3 | D36: 5.91 | E36: =Orçamento!J36 -> 0 | G36: =E36-F36 -> 0 | H36: =F36+G36 -> 0 | I36: =Orçamento!K36 -> 0
A37: 3.3.1.3 | B37: REATERRO MANUAL DE VALAS, COM COMPACTADOR DE SOLOS DE PERCUSSÃO. AF_08/2023 | C37: M3 | D37: 5.05 | E37: =Orçamento!J37 -> 0 | G37: =E37-F37 -> 0 | H37: =F37+G37 -> 0 | I37: =Orçamento!K37 -> 0
A38: 3.3.1.4 | B38: LASTRO COM MATERIAL GRANULAR (PEDRA BRITADA N.1 E PEDRA BRITADA N.2), APLICADO EM PISOS OU LAJES SOBRE SOLO, ESPESSURA DE *10 CM*. AF_07/2019 | C38: M3 | D38: 0.38 | E38: =Orçamento!J38 -> 0 | G38: =E38-F38 -> 0 | H38: =F38+G38 -> 0 | I38: =Orçamento!K38 -> 0
A39: 3.3.1.5 | B39: FABRICAÇÃO, MONTAGEM E DESMONTAGEM DE FÔRMA PARA SAPATA, EM MADEIRA SERRADA, E=25 MM, 4 UTILIZAÇÕES. AF_06/2017 | C39: M2 | D39: 5.82 | E39: =Orçamento!J39 -> 0 | G39: =E39-F39 -> 0 | H39: =F39+G39 -> 0 | I39: =Orçamento!K39 -> 0
A40: 3.3.1.6 | B40: CONCRETAGEM DE BLOCOS DE COROAMENTO E VIGAS BALDRAME, FCK 30 MPA, COM USO DE JERICA – LANÇAMENTO, ADENSAMENTO E ACABAMENTO. AF_06/2017 | C40: M3 | D40: 1.15 | E40: =Orçamento!J40 -> 0 | G40: =E40-F40 -> 0 | H40: =F40+G40 -> 0 | I40: =Orçamento!K40 -> 0
A41: 3.3.1.7 | B41: ARMAÇÃO DE BLOCO, VIGA BALDRAME OU SAPATA UTILIZANDO AÇO CA-50 DE 10 MM - MONTAGEM. AF_06/2017 | C41: KG | D41: 51.24 | E41: =Orçamento!J41 -> 0 | G41: =E41-F41 -> 0 | H41: =F41+G41 -> 0 | I41: =Orçamento!K41 -> 0
A42: 3.3.1.8 | B42: ARMAÇÃO DE BLOCO, VIGA BALDRAME E SAPATA UTILIZANDO AÇO CA-60 DE 5 MM - MONTAGEM. AF_06/2017 | C42: KG | D42: 3.04 | E42: =Orçamento!J42 -> 0 | G42: =E42-F42 -> 0 | H42: =F42+G42 -> 0 | I42: =Orçamento!K42 -> 0
A43: 3.3.2 | B43: SUPRAESTRUTURA | F43: =SUM(F44:F56) -> 0 | G43: =SUM(G44:G56) -> 0 | I43: =SUM(I44:I56) -> 0 | J43: Etapa
A44: 3.3.2.1 | B44: MONTAGEM E DESMONTAGEM DE FÔRMA DE PILARES RETANGULARES E ESTRUTURAS SIMILARES, PÉ-DIREITO SIMPLES, EM CHAPA DE MADEIRA COMPENSADA RESINADA, 8 UTILIZAÇÕES. AF_09/2020 | C44: M2 | D44: 30.36 | E44: =Orçamento!J44 -> 0 | G44: =E44-F44 -> 0 | H44: =F44+G44 -> 0 | I44: =Orçamento!K44 -> 0
A45: 3.3.2.2 | B45: CONCRETAGEM DE PILARES, FCK = 25 MPA, COM USO DE BOMBA - LANÇAMENTO, ADENSAMENTO E ACABAMENTO. AF_02/2022_PS | C45: M3 | D45: 1.68 | E45: =Orçamento!J45 -> 0 | G45: =E45-F45 -> 0 | H45: =F45+G45 -> 0 | I45: =Orçamento!K45 -> 0
A46: 3.3.2.3 | B46: ARMAÇÃO DE PILAR OU VIGA DE ESTRUTURA DE CONCRETO ARMADO EMBUTIDA EM ALVENARIA DE VEDAÇÃO UTILIZANDO AÇO CA-50 DE 10,0 MM - MONTAGEM. AF_06/2022 | C46: KG | D46: 339.1 | E46: =Orçamento!J46 -> 0 | G46: =E46-F46 -> 0 | H46: =F46+G46 -> 0 | I46: =Orçamento!K46 -> 0
A47: 3.3.2.4 | B47: ARMAÇÃO DE PILAR OU VIGA DE ESTRUTURA DE CONCRETO ARMADO EMBUTIDA EM ALVENARIA DE VEDAÇÃO UTILIZANDO AÇO CA-60 DE 5,0 MM - MONTAGEM. AF_06/2022 | C47: KG | D47: 125.7 | E47: =Orçamento!J47 -> 0 | G47: =E47-F47 -> 0 | H47: =F47+G47 -> 0 | I47: =Orçamento!K47 -> 0
A48: 3.3.2.5 | B48: ARMAÇÃO DE PILAR OU VIGA DE ESTRUTURA DE CONCRETO ARMADO EMBUTIDA EM ALVENARIA DE VEDAÇÃO UTILIZANDO AÇO CA-50 DE 8,0 MM - MONTAGEM. AF_06/2022 | C48: KG | D48: 66 | E48: =Orçamento!J48 -> 0 | G48: =E48-F48 -> 0 | H48: =F48+G48 -> 0 | I48: =Orçamento!K48 -> 0
A49: 3.3.2.6 | B49: ARMAÇÃO DE PILAR OU VIGA DE ESTRUTURA DE CONCRETO ARMADO EMBUTIDA EM ALVENARIA DE VEDAÇÃO UTILIZANDO AÇO CA-50 DE 12,5 MM - MONTAGEM. AF_06/2022 | C49: KG | D49: 21.8 | E49: =Orçamento!J49 -> 0 | G49: =E49-F49 -> 0 | H49: =F49+G49 -> 0 | I49: =Orçamento!K49 -> 0
A50: 3.3.2.7 | B50: FABRICAÇÃO, MONTAGEM E DESMONTAGEM DE FÔRMA PARA VIGA BALDRAME, EM CHAPA DE MADEIRA COMPENSADA RESINADA, E=17 MM, 4 UTILIZAÇÕES. AF_06/2017 | C50: M2 | D50: 19.4 | E50: =Orçamento!J50 -> 0 | G50: =E50-F50 -> 0 | H50: =F50+G50 -> 0 | I50: =Orçamento!K50 -> 0
A51: 3.3.2.8 | B51: MONTAGEM E DESMONTAGEM DE FÔRMA DE VIGA, ESCORAMENTO COM GARFO DE MADEIRA, PÉ-DIREITO SIMPLES, EM CHAPA DE MADEIRA PLASTIFICADA, 18 UTILIZAÇÕES. AF_09/2020 | C51: M2 | D51: 29.12 | E51: =Orçamento!J51 -> 0 | G51: =E51-F51 -> 0 | H51: =F51+G51 -> 0 | I51: =Orçamento!K51 -> 0
A52: 3.3.2.9 | B52: CONCRETAGEM DE VIGAS E LAJES, FCK=25 MPA, PARA LAJES PREMOLDADAS COM USO DE BOMBA - LANÇAMENTO, ADENSAMENTO E ACABAMENTO. AF_02/2022_PS | C52: M3 | D52: 7.3 | E52: =Orçamento!J52 -> 0 | G52: =E52-F52 -> 0 | H52: =F52+G52 -> 0 | I52: =Orçamento!K52 -> 0
A53: 3.3.2.10 | B53: ESCORAMENTO DE FÔRMAS DE LAJE EM MADEIRA NÃO APARELHADA, PÉ-DIREITO SIMPLES, INCLUSO TRAVAMENTO, 4 UTILIZAÇÕES. AF_09/2020 | C53: M3 | D53: 36 | E53: =Orçamento!J53 -> 0 | G53: =E53-F53 -> 0 | H53: =F53+G53 -> 0 | I53: =Orçamento!K53 -> 0
A54: 3.3.2.11 | B54: ARMAÇÃO DE ARMADURA POSITIVA DE LAJES, TELA Q-113. AF_06/2019 | C54: KG | D54: 61.2 | E54: =Orçamento!J54 -> 0 | G54: =E54-F54 -> 0 | H54: =F54+G54 -> 0 | I54: =Orçamento!K54 -> 0
A55: 3.3.2.12 | B55: ARMAÇÃO DE LAJE DE ESTRUTURA CONVENCIONAL DE CONCRETO ARMADO UTILIZANDO AÇO CA-50 DE 8,0 MM - MONTAGEM. AF_06/2022 | C55: KG | D55: 50.28 | E55: =Orçamento!J55 -> 0 | G55: =E55-F55 -> 0 | H55: =F55+G55 -> 0 | I55: =Orçamento!K55 -> 0
A56: 3.3.2.13 | B56: ARMAÇÃO DE LAJE DE ESTRUTURA CONVENCIONAL DE CONCRETO ARMADO UTILIZANDO AÇO CA-50 DE 10,0 MM - MONTAGEM. AF_06/2022 | C56: KG | D56: 1.69 | E56: =Orçamento!J56 -> 0 | G56: =E56-F56 -> 0 | H56: =F56+G56 -> 0 | I56: =Orçamento!K56 -> 0
A57: 3.3.3 | B57: IMPERMEABILIZAÇÕES | F57: =SUM(F58:F59) -> 0 | G57: =SUM(G58:G59) -> 0 | I57: =SUM(I58:I59) -> 0 | J57: Etapa
A58: 3.3.3.1 | B58: IMPERMEABILIZAÇÃO DE SUPERFÍCIE COM ARGAMASSA POLIMÉRICA / MEMBRANA ACRÍLICA, 3 DEMÃOS. AF_06/2018 | C58: M2 | D58: 49.3 | E58: =Orçamento!J58 -> 0 | G58: =E58-F58 -> 0 | H58: =F58+G58 -> 0 | I58: =Orçamento!K58 -> 0
A59: 3.3.3.2 | B59: IMPERMEABILIZAÇÃO DE SUPERFÍCIE COM MANTA ASFÁLTICA, UMA CAMADA, INCLUSIVE APLICAÇÃO DE PRIMER ASFÁLTICO, E=3MM. AF_06/2018 | C59: M2 | D59: 14.1 | E59: =Orçamento!J59 -> 0 | G59: =E59-F59 -> 0 | H59: =F59+G59 -> 0 | I59: =Orçamento!K59 -> 0
A60: 3.3.4 | B60: ALVENARIA E REVESTIMENTOS | F60: =SUM(F61:F78) -> 0 | G60: =SUM(G61:G78) -> 0 | I60: =SUM(I61:I78) -> 0 | J60: Etapa
A61: 3.3.4.1 | B61: ALVENARIA DE VEDAÇÃO DE BLOCOS CERÂMICOS FURADOS NA HORIZONTAL DE 14X9X19 CM (ESPESSURA 14 CM, BLOCO DEITADO) E ARGAMASSA DE ASSENTAMENTO COM PREPARO EM BETONEIRA. AF_12/2021 | C61: M2 | D61: 86.04 | E61: =Orçamento!J61 -> 0 | G61: =E61-F61 -> 0 | H61: =F61+G61 -> 0 | I61: =Orçamento!K61 -> 0
A62: 3.3.4.2 | B62: CHAPISCO APLICADO EM ALVENARIA (COM PRESENÇA DE VÃOS) E ESTRUTURAS DE CONCRETO DE FACHADA, COM COLHER DE PEDREIRO. ARGAMASSA TRAÇO 1:3 COM PREPARO EM BETONEIRA 400L. AF_10/2022 | C62: M2 | D62: 201.75 | E62: =Orçamento!J62 -> 0 | G62: =E62-F62 -> 0 | H62: =F62+G62 -> 0 | I62: =Orçamento!K62 -> 0
A63: 3.3.4.3 | B63: EMBOÇO OU MASSA ÚNICA EM ARGAMASSA TRAÇO 1:2:8, PREPARO MECÂNICO COM BETONEIRA 400 L, APLICADA MANUALMENTE EM PANOS DE FACHADA COM PRESENÇA DE VÃOS, ESPESSURA DE 25 MM. AF_08/2022 | C63: M2 | D63: 201.75 | E63: =Orçamento!J63 -> 0 | G63: =E63-F63 -> 0 | H63: =F63+G63 -> 0 | I63: =Orçamento!K63 -> 0
A64: 3.3.4.4 | B64: EXECUÇÃO DE LAJE SOBRE SOLO, ESPESSURA DE 10 CM, FCK = 30 MPA, COM USO DE FORMAS EM MADEIRA SERRADA. AF_09/2021 | C64: M2 | D64: 24.15 | E64: =Orçamento!J64 -> 0 | G64: =E64-F64 -> 0 | H64: =F64+G64 -> 0 | I64: =Orçamento!K64 -> 0
A65: 3.3.4.5 | B65: LASTRO COM MATERIAL GRANULAR (PEDRA BRITADA N.1 E PEDRA BRITADA N.2), APLICADO EM PISOS OU LAJES SOBRE SOLO, ESPESSURA DE *10 CM*. AF_07/2019 | C65: M3 | D65: 4.95 | E65: =Orçamento!J65 -> 0 | G65: =E65-F65 -> 0 | H65: =F65+G65 -> 0 | I65: =Orçamento!K65 -> 0
A66: 3.3.4.6 | B66: CONTRAPISO EM ARGAMASSA TRAÇO 1:4 (CIMENTO E AREIA), PREPARO MECÂNICO COM BETONEIRA 400 L, APLICADO EM ÁREAS MOLHADAS SOBRE IMPERMEABILIZAÇÃO, ACABAMENTO NÃO REFORÇADO, ESPESSURA 4CM. AF_07/2021 | C66: M2 | D66: 25.3 | E66: =Orçamento!J66 -> 0 | G66: =E66-F66 -> 0 | H66: =F66+G66 -> 0 | I66: =Orçamento!K66 -> 0
A67: 3.3.4.7 | B67: REVESTIMENTO CERÂMICO PARA PISO COM PLACAS TIPO ESMALTADA EXTRA DE DIMENSÕES 80X80 CM APLICADA EM AMBIENTES DE ÁREA ENTRE 5 M² E 10 M². AF_02/2023_PE | C67: M2 | D67: 46.05 | E67: =Orçamento!J67 -> 0 | G67: =E67-F67 -> 0 | H67: =F67+G67 -> 0 | I67: =Orçamento!K67 -> 0
A68: 3.3.4.8 | B68: REVESTIMENTO CERÂMICO PARA PAREDES INTERNAS COM PLACAS TIPO ESMALTADA EXTRA DE DIMENSÕES 60X60 CM APLICADAS NA ALTURA INTEIRA DAS PAREDES. AF_02/2023_PE | C68: M2 | D68: 43.98 | E68: =Orçamento!J68 -> 0 | G68: =E68-F68 -> 0 | H68: =F68+G68 -> 0 | I68: =Orçamento!K68 -> 0
A69: 3.3.4.9 | B69: RODAPÉ CERÂMICO DE 7CM DE ALTURA COM PLACAS TIPO ESMALTADA EXTRA DE DIMENSÕES 80X80CM. AF_02/2023 | C69: M | D69: 46 | E69: =Orçamento!J69 -> 0 | G69: =E69-F69 -> 0 | H69: =F69+G69 -> 0 | I69: =Orçamento!K69 -> 0
A70: 3.3.4.10 | B70: FUNDO SELADOR ACRÍLICO, APLICAÇÃO MANUAL EM PAREDE, UMA DEMÃO. AF_04/2023 | C70: M2 | D70: 198.53 | E70: =Orçamento!J70 -> 0 | G70: =E70-F70 -> 0 | H70: =F70+G70 -> 0 | I70: =Orçamento!K70 -> 0
A71: 3.3.4.11 | B71: FUNDO SELADOR ACRÍLICO, APLICAÇÃO MANUAL EM TETO, UMA DEMÃO. AF_04/2023 | C71: M2 | D71: 32 | E71: =Orçamento!J71 -> 0 | G71: =E71-F71 -> 0 | H71: =F71+G71 -> 0 | I71: =Orçamento!K71 -> 0
A72: 3.3.4.12 | B72: PINTURA LÁTEX ACRÍLICA PREMIUM, APLICAÇÃO MANUAL EM PAREDES, DUAS DEMÃOS. AF_04/2023 | C72: M2 | D72: 198.53 | E72: =Orçamento!J72 -> 0 | G72: =E72-F72 -> 0 | H72: =F72+G72 -> 0 | I72: =Orçamento!K72 -> 0
... A78: 3.3.4.18 | B78: VERGA MOLDADA IN LOCO EM CONCRETO PARA PORTAS COM ATÉ 1,5 M DE VÃO. AF_03/2016 | C78: M | D78: 5.9 | E78: =Orçamento!J78 -> 0 | G78: =E78-F78 -> 0 | H78: =F78+G78 -> 0 | I78: =Orçamento!K78 -> 0
A79: 3.3.5 | B79: COBERTURA | F79: =SUM(F80:F86) -> 0 | G79: =SUM(G80:G86) -> 0 | I79: =SUM(I80:I86) -> 0 | J79: Etapa
A80: 3.3.5.1 | B80: TRAMA DE MADEIRA COMPOSTA POR TERÇAS PARA TELHADOS DE ATÉ 2 ÁGUAS PARA TELHA ONDULADA DE FIBROCIMENTO, METÁLICA, PLÁSTICA OU TERMOACÚSTICA, INCLUSO TRANSPORTE VERTICAL. AF_07/2019 | C80: M2 | D80: 22.3 | E80: =Orçamento!J80 -> 0 | G80: =E80-F80 -> 0 | H80: =F80+G80 -> 0 | I80: =Orçamento!K80 -> 0
A81: 3.3.5.2 | B81: TELHAMENTO COM TELHA DE AÇO/ALUMÍNIO E = 0,5 MM, COM ATÉ 2 ÁGUAS, INCLUSO IÇAMENTO. AF_07/2019 | C81: M2 | D81: 22.3 | E81: =Orçamento!J81 -> 0 | G81: =E81-F81 -> 0 | H81: =F81+G81 -> 0 | I81: =Orçamento!K81 -> 0
A82: 3.3.5.3 | B82: CALHA EM CHAPA DE AÇO GALVANIZADO NÚMERO 24, DESENVOLVIMENTO DE 100 CM, INCLUSO TRANSPORTE VERTICAL. AF_07/2019 | C82: M | D82: 4.6 | E82: =Orçamento!J82 -> 0 | G82: =E82-F82 -> 0 | H82: =F82+G82 -> 0 | I82: =Orçamento!K82 -> 0
A83: 3.3.5.4 | B83: RUFO EXTERNO/INTERNO DE CHAPA DE AÇO GALVANIZADA NUM 26 CORTE 50 CM | C83: M | D83: 19 | E83: =Orçamento!J83 -> 0 | G83: =E83-F83 -> 0 | H83: =F83+G83 -> 0 | I83: =Orçamento!K83 -> 0
A84: 3.3.5.5 | B84: CHAPIM (RUFO CAPA) EM AÇO GALVANIZADO, CORTE 33. AF_11/2020 | C84: M | D84: 20.2 | E84: =Orçamento!J84 -> 0 | G84: =E84-F84 -> 0 | H84: =F84+G84 -> 0 | I84: =Orçamento!K84 -> 0
A85: 3.3.5.6 | B85: JOELHO 90 GRAUS, PVC, SERIE R, ÁGUA PLUVIAL, DN 100 MM, JUNTA ELÁSTICA, FORNECIDO E INSTALADO EM RAMAL DE ENCAMINHAMENTO. AF_06/2022 | C85: UN | D85: 3 | E85: =Orçamento!J85 -> 0 | G85: =E85-F85 -> 0 | H85: =F85+G85 -> 0 | I85: =Orçamento!K85 -> 0
A86: 3.3.5.7 | B86: TUBO PVC, SÉRIE R, ÁGUA PLUVIAL, DN 100 MM, FORNECIDO E INSTALADO EM RAMAL DE ENCAMINHAMENTO. AF_06/2022 | C86: M | D86: 8 | E86: =Orçamento!J86 -> 0 | G86: =E86-F86 -> 0 | H86: =F86+G86 -> 0 | I86: =Orçamento!K86 -> 0
A87: 3.3.6 | B87: ESQUADRIAS | F87: =SUM(F88:F91) -> 0 | G87: =SUM(G88:G91) -> 0 | I87: =SUM(I88:I91) -> 0 | J87: Etapa
A88: 3.3.6.1 | B88: PORTA DE ALUMÍNIO DE ABRIR COM LAMBRI, COM GUARNIÇÃO, FIXAÇÃO COM PARAFUSOS - FORNECIMENTO E INSTALAÇÃO. AF_12/2019 | C88: M2 | D88: 7.71 | E88: =Orçamento!J88 -> 0 | G88: =E88-F88 -> 0 | H88: =F88+G88 -> 0 | I88: =Orçamento!K88 -> 0
A89: 3.3.6.2 | B89: JANELA DE ALUMÍNIO DE CORRER COM 4 FOLHAS PARA VIDROS, COM VIDROS, BATENTE, ACABAMENTO COM ACETATO OU BRILHANTE E FERRAGENS. EXCLUSIVE ALIZAR E CONTRAMARCO. FORNECIMENTO E INSTALAÇÃO. AF_12/2019 | C89: M2 | D89: 4.84 | E89: =Orçamento!J89 -> 0 | G89: =E89-F89 -> 0 | H89: =F89+G89 -> 0 | I89: =Orçamento!K89 -> 0
A90: 3.3.6.3 | B90: JANELA DE ALUMÍNIO TIPO MAXIM-AR, COM VIDROS, BATENTE E FERRAGENS. EXCLUSIVE ALIZAR, ACABAMENTO E CONTRAMARCO. FORNECIMENTO E INSTALAÇÃO. AF_12/2019 | C90: M2 | D90: 3.13 | E90: =Orçamento!J90 -> 0 | G90: =E90-F90 -> 0 | H90: =F90+G90 -> 0 | I90: =Orçamento!K90 -> 0
A91: 3.3.6.4 | B91: PEITORIL LINEAR EM GRANITO OU MÁRMORE, L = 15CM, COMPRIMENTO DE ATÉ 2M, ASSENTADO COM ARGAMASSA 1:6 COM ADITIVO. AF_11/2020 | C91: M | D91: 7.5 | E91: =Orçamento!J91 -> 0 | G91: =E91-F91 -> 0 | H91: =F91+G91 -> 0 | I91: =Orçamento!K91 -> 0
A92: 3.3.7 | B92: HIDROSSANITÁRIO | F92: =SUM(F93:F123) -> 0 | G92: =SUM(G93:G123) -> 0 | I92: =SUM(I93:I123) -> 0 | J92: Etapa
A93: 3.3.7.1 | B93: CAIXA D´ÁGUA EM POLIETILENO, 500 LITROS (INCLUSOS TUBOS, CONEXÕES E TORNEIRA DE BÓIA) - FORNECIMENTO E INSTALAÇÃO. AF_06/2021 | C93: UN | D93: 1 | E93: =Orçamento!J93 -> 0 | G93: =E93-F93 -> 0 | H93: =F93+G93 -> 0 | I93: =Orçamento!K93 -> 0
A94: 3.3.7.2 | B94: TUBO, PVC, SOLDÁVEL, DN 25MM, INSTALADO EM RAMAL DE DISTRIBUIÇÃO DE ÁGUA - FORNECIMENTO E INSTALAÇÃO. AF_06/2022 | C94: M | D94: 12 | E94: =Orçamento!J94 -> 0 | G94: =E94-F94 -> 0 | H94: =F94+G94 -> 0 | I94: =Orçamento!K94 -> 0
A95: 3.3.7.3 | B95: TUBO, PVC, SOLDÁVEL, DN 20MM, INSTALADO EM RAMAL DE DISTRIBUIÇÃO DE ÁGUA - FORNECIMENTO E INSTALAÇÃO. AF_06/2022 | C95: M | D95: 23 | E95: =Orçamento!J95 -> 0 | G95: =E95-F95 -> 0 | H95: =F95+G95 -> 0 | I95: =Orçamento!K95 -> 0
A96: 3.3.7.4 | B96: REGISTRO DE GAVETA BRUTO, LATÃO, ROSCÁVEL, 3/4", COM ACABAMENTO E CANOPLA CROMADOS - FORNECIMENTO E INSTALAÇÃO. AF_08/2021 | C96: UN | D96: 3 | E96: =Orçamento!J96 -> 0 | G96: =E96-F96 -> 0 | H96: =F96+G96 -> 0 | I96: =Orçamento!K96 -> 0
A97: 3.3.7.5 | B97: JOELHO 90 GRAUS, PVC, SOLDÁVEL, DN 25MM, INSTALADO EM PRUMADA DE ÁGUA - FORNECIMENTO E INSTALAÇÃO. AF_06/2022 | C97: UN | D97: 6 | E97: =Orçamento!J97 -> 0 | G97: =E97-F97 -> 0 | H97: =F97+G97 -> 0 | I97: =Orçamento!K97 -> 0
A98: 3.3.7.6 | B98: JOELHO 90 GRAUS COM BUCHA DE LATÃO, PVC, SOLDÁVEL, DN 25MM, X 1/2 INSTALADO EM RAMAL OU SUB-RAMAL DE ÁGUA - FORNECIMENTO E INSTALAÇÃO. AF_06/2022 | C98: UN | D98: 3 | E98: =Orçamento!J98 -> 0 | G98: =E98-F98 -> 0 | H98: =F98+G98 -> 0 | I98: =Orçamento!K98 -> 0
A99: 3.3.7.7 | B99: TÊ, PVC, SOLDÁVEL, DN 25 MM INSTALADO EM RESERVAÇÃO DE ÁGUA DE EDIFICAÇÃO QUE POSSUA RESERVATÓRIO DE FIBRA/FIBROCIMENTO FORNECIMENTO E INSTALAÇÃO. AF_06/2016 | C99: UN | D99: 2 | E99: =Orçamento!J99 -> 0 | G99: =E99-F99 -> 0 | H99: =F99+G99 -> 0 | I99: =Orçamento!K99 -> 0
A100: 3.3.7.8 | B100: JOELHO 90 GRAUS, PVC, SOLDÁVEL, DN 20MM, INSTALADO EM RAMAL DE DISTRIBUIÇÃO DE ÁGUA - FORNECIMENTO E INSTALAÇÃO. AF_06/2022 | C100: UN | D100: 3 | E100: =Orçamento!J100 -> 0 | G100: =E100-F100 -> 0 | H100: =F100+G100 -> 0 | I100: =Orçamento!K100 -> 0
A101: 3.3.7.9 | B101: TE PVC, SOLDAVEL, COM BUCHA DE LATAO NA BOLSA CENTRAL, 90 GRAUS, 20 MM X 1/2", PARA AGUA FRIA PREDIAL | C101: UN | D101: 1 | E101: =Orçamento!J101 -> 0 | G101: =E101-F101 -> 0 | H101: =F101+G101 -> 0 | I101: =Orçamento!K101 -> 0
A102: 3.3.7.10 | B102: TUBO PVC, SERIE NORMAL, ESGOTO PREDIAL, DN 100 MM, FORNECIDO E INSTALADO EM RAMAL DE DESCARGA OU RAMAL DE ESGOTO SANITÁRIO. AF_08/2022 | C102: M | D102: 47.45 | E102: =Orçamento!J102 -> 0 | G102: =E102-F102 -> 0 | H102: =F102+G102 -> 0 | I102: =Orçamento!K102 -> 0
A103: 3.3.7.11 | B103: TUBO PVC, SERIE R, DN 50 MM, PARA ESGOTO OU AGUAS PLUVIAIS PREDIAL (NBR 5688) | C103: M | D103: 5.15 | E103: =Orçamento!J103 -> 0 | G103: =E103-F103 -> 0 | H103: =F103+G103 -> 0 | I103: =Orçamento!K103 -> 0
A104: 3.3.7.12 | B104: JOELHO 90 GRAUS, PVC, SERIE NORMAL, ESGOTO PREDIAL, DN 50 MM, JUNTA ELÁSTICA, FORNECIDO E INSTALADO EM RAMAL DE DESCARGA OU RAMAL DE ESGOTO SANITÁRIO. AF_08/2022 | C104: UN | D104: 5 | E104: =Orçamento!J104 -> 0 | G104: =E104-F104 -> 0 | H104: =F104+G104 -> 0 | I104: =Orçamento!K104 -> 0
... A123: 3.3.7.31 | B123: REATERRO MANUAL DE VALAS, COM PLACA VIBRATÓRIA. AF_08/2023 | C123: M3 | D123: 7.12 | E123: =Orçamento!J123 -> 0 | G123: =E123-F123 -> 0 | H123: =F123+G123 -> 0 | I123: =Orçamento!K123 -> 0
A124: 3.3.8 | B124: ELÉTRICA E DADOS | F124: =SUM(F125:F164) -> 0 | G124: =SUM(G125:G164) -> 0 | I124: =SUM(I125:I164) -> 0 | J124: Etapa
...

Sheet Repositório
A1: ='BDI principal'!D14 -> 22.23
A2: ='BDI equipamentos'!D14 -> 15.28
A3: ='BDI Diferenciado'!B12 -> 2.623936
A4: ='BDI Diferenciado'!B13 -> 1.12
